 Dungeon Crawl Stone Soup version 0.31-a0-868-g674d60d6f7 (webtiles) character file.

Game seed: 7924208878879874708

17907210 Charly the Hawkeye (level 27, 172/172 HPs)
             Began as a Vine Stalker Brigand on Oct 10, 2023.
             Was a High Priest of Ashenzari.
             Escaped with the Orb
             ... and 14 runes on Oct 11, 2023!
             The game lasted 05:04:55 (74817 turns).

Charly the Hawkeye (Vine Stalker Brigand)          Turns: 74817, Time: 05:04:55

Health: 172/172    AC:  4    Str: 16    XL:     27
Magic:  63/63      EV: 52    Int:  9    God:    Ashenzari [*****.]
Gold:   9438       SH: 30    Dex: 34    Spells: 44/78 levels left

rFire   + + .        F - +9 quick blade of Ashenzari's Malaise {protect, Comp, Self} (curse)
rCold   + + .        T - +0 tower shield "Discomfort of Ashenzari" {rElec rC- rN++ Will+, Fort, Melee} (curse)
rNeg    + + +        K - melded +8 gold dragon scales "Prison of Ashenzari" {rPois rF+ rC+ Str+2 Dex+2 Stlth+, Fort, Cun} (curse)
rPois   +            f - -2 hat of the Alchemist {rElec rPois rF+ rC+ rN+ Will+ rMut rCorr, Melee, Fort} (curse)
rElec   +            P - +2 cloak "Gaze Upon Infinity" {rC+, Cun, Alch} (curse)
rCorr   +            Q - +0 pair of gloves "Levity of Ashenzari" {Dex+3, Melee, Cun} (curse)
SInv    +            Z - +1 pair of boots "Chained With Me" {Stlth+, Dev, Self} (curse)
Will    +++++        n - amulet of Awe {Drain Regen+ rCorr Slay+3 SInv}
Stlth   ++++         U - ring of the Shackled Gloom {rPois rC+ rCorr MP+9, Dev, Fort} (curse)
HPRegen 2.08/turn    m - ring "Dismay of Ashenzari" {EV+5 Dex+3 Slay+3, Self, Melee} (curse)
MPRegen 0.38/turn

%: clarity, resist mutation, guardian spirit
@: maw-form, studying 9 skills
A: devouring maw, fangs 3, regeneration 1, magic shield, antimagic bite, no
potion heal 2, claws 1, clarity, dopey 1, fire resistance 1
0: Orb of Zot
}: 14/15 runes: decaying, serpentine, slimy, silver, golden, obsidian, icy,
bone, abyssal, demonic, glowing, magical, fiery, dark
a: Begin Untransformation, Renounce Religion, Shatter the Chains


You escaped.
You worshipped Ashenzari.
Ashenzari was extremely pleased with you.
You were a creature with a mouth for a stomach.
You visited 18 branches of the dungeon, and saw 82 of its levels.
You visited Pandemonium 1 time, and saw 15 of its levels.
You visited the Abyss 1 time.
You visited 1 bazaar.
You visited 2 ziggurats, and saw 28 of their levels (deepest: 15).
You also visited: Sewer, Ossuary, Bailey, Gauntlet, Ice Cave and Desolation.

You collected 17709 gold pieces.
You spent 8271 gold pieces at shops.

Inventory:

Hand Weapons
 F - the cursed +9 quick blade of Ashenzari's Malaise (weapon) {protect, Comp, Self}
   (You subdued it on level 2 of the Elven Halls)

   It has a curse which improves the following skills: Companions: Summonings
   and Necromancy.
   Introspection: Fighting and Spellcasting.
Missiles
 p - 3 throwing nets
 y - 15 curare-tipped darts
 C - 15 atropa-tipped darts (quivered)
Armour
 f - the cursed -2 hat of the Alchemist (worn) {rElec rPois rF+ rC+ rN+ Will+ rMut rCorr, Melee, Fort}
   (You found it on level 3 of the Tomb of the Ancients)

   rF+:       It protects you from fire.
   rC+:       It protects you from cold.
   rElec:     It insulates you from electricity.
   rPois:     It protects you from poison rN+: It protects you from negative
   energy.
   Will+:     It increases your willpower.
   rCorr:     It protects you from acid and corrosion.
   rMut:      It protects you from mutation.
   It has a curse which improves the following skills: Melee Combat: Short
   Blades, Long Blades, Axes, Maces & Flails, Polearms, Staves and Unarmed
   Combat.
   Fortitude: Armour and Shields.
 D - the +3 faerie dragon scales {Rampage Regen+ rCorr MP+9 SInv}
   (You took it off the Enchantress on level 1 of the Depths)

   MP+9:      It affects your magic capacity (+9).
   SInv:      It lets you see invisible.
   Regen+:    It increases your rate of health regeneration.
   rCorr:     It protects you from acid and corrosion.
   Rampage:   It bestows one free step when moving towards enemies.
 K - the cursed +8 gold dragon scales "Prison of Ashenzari" (melded) {rPois rF+ rC+ Str+2 Dex+2 Stlth+, Fort, Cun}
   (You found it in a bailey)

   Str+2:     It affects your strength (+2).
   Dex+2:     It affects your dexterity (+2).
   rF+:       It protects you from fire.
   rC+:       It protects you from cold.
   rPois:     It protects you from poison Stlth+: It makes you more stealthy.
   It has a curse which improves the following skills: Fortitude: Armour and
   Shields.
   Cunning:   Dodging and Stealth.
 P - the cursed +2 cloak "Gaze Upon Infinity" (worn) {rC+, Cun, Alch}
   (You found it in an ice cave)

   It has a curse which improves the following skills: Cunning: Dodging and
   Stealth.
   Alchemy:   Poison Magic and Transmutations.
 Q - the cursed +0 pair of gloves "Levity of Ashenzari" (worn) {Dex+3, Melee, Cun}
   (You found it in an ice cave)

   It has a curse which improves the following skills: Melee Combat: Short
   Blades, Long Blades, Axes, Maces & Flails, Polearms, Staves and Unarmed
   Combat.
   Cunning:   Dodging and Stealth.
 T - the cursed +0 tower shield "Discomfort of Ashenzari" (worn) {rElec rC- rN++ Will+, Fort, Melee}
   (You took it off Antaeus on level 7 of Cocytus)

   rC-:       It makes you vulnerable to cold.
   rElec:     It insulates you from electricity.
   rN++:      It greatly protects you from negative energy.
   Will+:     It increases your willpower.
   It has a curse which improves the following skills: Fortitude: Armour and
   Shields.
   Melee Combat: Short Blades, Long Blades, Axes, Maces & Flails, Polearms,
   Staves and Unarmed Combat.
 Z - the cursed +1 pair of boots "Chained With Me" (worn) {Stlth+, Dev, Self}
   (You found it in a Gauntlet)

   It has a curse which improves the following skills: Devices: Evocations and
   Shapeshifting.
   Introspection: Fighting and Spellcasting.
Jewellery
 c - a ring of the Octopus King {rC+ HP+2 AC+2 EV+2 SH+2}
   (You found it on level 7 of Tartarus)

   [ring of protection from cold]

   AC+2:      It affects your AC (+2).
   EV+2:      It affects your evasion (+2).
   rC+:       It protects you from cold.
   HP+2:      It affects your health (+2).
   SH+2:      It affects your SH (+2).
 m - the cursed ring "Dismay of Ashenzari" (right hand) {EV+5 Dex+3 Slay+3, Self, Melee}
   (You found it on level 5 of the Vaults)

   [ring of evasion]

   EV+5:      It affects your evasion (+5).
   Dex+3:     It affects your dexterity (+3).
   Slay+3:    It affects your accuracy & damage with ranged weapons and melee
   (+3).
   It has a curse which improves the following skills: Introspection: Fighting
   and Spellcasting.
   Melee Combat: Short Blades, Long Blades, Axes, Maces & Flails, Polearms,
   Staves and Unarmed Combat.
 n - the amulet of Awe (around neck) {Drain Regen+ rCorr Slay+3 SInv}
   (You found it on level 11 of a ziggurat)

   [amulet of regeneration]

   Slay+3:    It affects your accuracy & damage with ranged weapons and melee
   (+3).
   SInv:      It lets you see invisible.
   Regen+:    It increases your rate of health regeneration.
   rCorr:     It protects you from acid and corrosion.
   Drain:     It drains your maximum health when unequipped.
 U - the cursed ring of the Shackled Gloom (left hand) {rPois rC+ rCorr MP+9, Dev, Fort}
   (You bought it in a shop on level 1 of the Elven Halls)

   [ring of protection from cold]

   rC+:       It protects you from cold.
   rPois:     It protects you from poison MP+9: It affects your magic capacity
   (+9).
   rCorr:     It protects you from acid and corrosion.
   It has a curse which improves the following skills: Devices: Evocations and
   Shapeshifting.
   Fortitude: Armour and Shields.
Talismans
 V - a maw talisman (active)
Wands
 a - a wand of digging (34)
 u - a wand of acid (81)
 G - a wand of iceblast (125)
 J - a wand of paralysis (124)
 M - a wand of polymorph (3)
 Y - a wand of mindburst (99)
Scrolls
 b - 6 scrolls of silence
 d - 2 scrolls of brand weapon
 i - 19 scrolls of enchant weapon
 l - 44 scrolls of teleportation
 o - 4 scrolls of summoning
 t - 14 scrolls of revelation
 x - 5 scrolls of poison
 z - 10 scrolls of immolation
 B - 10 scrolls of fog
 N - 16 scrolls of enchant armour
 R - 12 scrolls of fear
 S - 10 scrolls of vulnerability
Potions
 e - 10 potions of enlightenment
 g - 13 potions of resistance
 h - 6 potions of attraction
 j - 12 potions of lignification
 q - 27 potions of mutation
 r - 31 potions of curing
 s - 4 potions of might
 w - 5 potions of ambrosia
 A - 6 potions of invisibility
 E - a potion of cancellation
 H - a potion of haste
 I - 22 potions of magic
 W - 8 potions of berserk rage
Miscellaneous
 k - a lightning rod (4/4)
 v - a phantom mirror
 L - a phial of floods
 O - a box of beasts


   Skills:
 - Level 22.6(26.3) Fighting
 - Level 11.9(16.9) Short Blades
 + Level 24.3 Throwing
 - Level 3.3(6.8) Armour
 - Level 23.8(26.5) Dodging
 - Level 23.8(26.5) Stealth
 - Level 23.3(27) Shields
 - Level 22.7(26.4) Spellcasting
 - Level 5.0 Hexes
 - Level 5.0 Translocations
 - Level 3.1(5.0) Transmutations
 - Level 5.5 Air Magic
 - Level 23.2(26.0) Evocations
 - Level 16.0(19.1) Shapeshifting


You had 44 spell levels left.
You knew the following spells:

 Your Spells              Type           Power      Damage    Failure   Level
a - Apportation           Tloc           40%        N/A       1%          1
b - Blink                 Tloc           40%        N/A       1%          2
c - Vhi's Electric Charg  Tloc/Air       42%        N/A       3%          4
d - Ozocubu's Armour      Ice            11%        N/A       9%          3
i - Ignite Poison         Fire/Tmut/Pois 15%        N/A       4%          3
l - Lesser Beckoning      Tloc           40%        N/A       1%          2
p - Passage of Golubria   Tloc           20%        N/A       3%          4
q - Swiftness             Air            21%        N/A       1%          3
s - Sigil of Binding      Hex            20%        N/A       1%          3
z - Wereblood             Tmut           20%        N/A       1%          2
P - Passwall              Tmut/Erth      13%        N/A       1%          2
Q - Silence               Hex/Air        10%        N/A       9%          5

Your spell library contained the following spells:

 Spells                   Type           Power      Damage    Failure   Level
 Slow                     Hex            80%        N/A       1%          1
 Sting                    Tmut/Pois      64%        1d6       1%          1
 Cigotuvi's Dreadful Rot  Necr/Pois/Air  30%        N/A       1%          2
 Ensorcelled Hibernation  Hex/Ice        32%        N/A       1%          2
 Jinxbite                 Hex            40%        N/A       1%          2
 Momentum Strike          Conj/Tloc      32%        3d8       1%          2
 Poisonous Vapours        Pois/Air       34%        N/A       1%          2
 Static Discharge         Conj/Air       32%        2-4/arc   1%          2
 Confusing Touch          Hex            20%        N/A       1%          3
 Gell's Gravitas          Tloc           20%        N/A       1%          3
 Teleport Other           Tloc           20%        N/A       1%          3
 Tukima's Dance           Hex            20%        N/A       1%          3
 Foxfire                  Conj/Fire      44%        2x1d6     2%          1
 Freeze                   Ice            44%        1d6       2%          1
 Kiss of Death            Conj/Necr      48%        2d9       2%          1
 Magic Dart               Conj           44%        1d5       2%          1
 Necrotise                Necr           48%        1d6       2%          1
 Sandblast                Erth           22%        2d7       2%          1
 Summon Small Mammal      Summ           48%        N/A       2%          1
 Summon Guardian Golem    Hex/Summ       16%        N/A       2%          3
 Airstrike                Air            10%        2d(2-18)  2%          4
 Call Imp                 Summ           24%        N/A       3%          2
 Sublimation of Blood     Necr           12%        N/A       3%          2
 Dazzling Flash           Conj/Hex       32%        N/A       3%          3
 Inner Flame              Hex/Fire       16%        N/A       3%          3
 Mephitic Cloud           Conj/Pois/Air  15%        N/A       3%          3
 Volatile Blastmotes      Fire/Tloc      32%        2d12      3%          3
 Cause Fear               Hex            10%        N/A       3%          4
 Dimensional Bullseye     Hex/Tloc       10%        N/A       3%          4
 Manifold Assault         Tloc           20%        N/A       3%          4
 Scorch                   Fire           22%        2d5       4%          2
 Searing Ray              Conj           22%        2d5       4%          2
 Call Canine Familiar     Summ           12%        N/A       8%          3
 Vampiric Draining        Necr           12%        2d6       8%          3
 Frozen Ramparts          Ice            22%        1d4       9%          3
 Hailstorm                Conj/Ice       11%        3d5       9%          3
 Stone Arrow              Conj/Erth      22%        3d8       9%          3
 Summon Lightning Spire   Summ/Air       17%        N/A       9%          4
 Anguish                  Hex/Necr       8%         N/A       10%         4
 Fulminant Prism          Conj/Hex       8%         3d7       10%         4
 Iskenderun's Mystic Bla  Conj/Tloc      16%        2d5       10%         4
 Leda's Liquefaction      Hex/Erth       8%         N/A       10%         4
 Petrify                  Tmut/Erth      16%        N/A       10%         4
 Yara's Violent Unravell  Hex/Tmut       10%        3d6       10%         5
 Dispel Undead            Necr           12%        3d9       24%         4
 Olgreb's Toxic Radiance  Pois           12%        N/A       24%         4
 Arcjolt                  Conj/Air       8%         1d18      24%         5
 Animate Armour           Summ/Erth      24%        N/A       26%         4
 Brom's Barrelling Bould  Conj/Erth      11%        2d3       26%         4
 Flame Wave               Conj/Fire      11%        2d6       26%         4
 Sticky Flame             Conj/Fire      11%        2d3       26%         4
 Summon Ice Beast         Ice/Summ       12%        N/A       26%         4
 Alistair's Intoxication  Tmut/Pois      10%        N/A       26%         5
 Irradiate                Conj/Tmut      8%         3d14      26%         5
 Metabolic Englaciation   Hex/Ice        8%         N/A       26%         5
 Summon Forest            Summ/Tloc      8%         N/A       26%         5
 Summon Mana Viper        Hex/Summ       16%        N/A       26%         5
 Freezing Cloud           Conj/Ice/Air   7%         6-21      34%         5
 Agony                    Necr           12%        N/A       56%         5
 Borgnjor's Vile Clutch   Necr/Erth      6%         N/A       58%         5
 Fireball                 Conj/Fire      5%         3d5       58%         5
 Iskenderun's Battlesphe  Conj           11%        2d7       58%         5
 Lee's Rapid Deconstruct  Erth           5%         3d6*      58%         5
 Conjure Ball Lightning   Conj/Air       8%         3x3d6     80%         6
 Plasma Beam              Fire/Air       8%         2x1d18    80%         6
 Eringya's Noxious Bog    Tmut/Pois      8%         4d6       82%         6
 Enfeeble                 Hex            10%        N/A       96%         7
 Death Channel            Necr           6%         N/A       98%         6
 Summon Cactus Giant      Summ           6%         N/A       98%         6
 Bombard                  Conj/Erth      5%         9d2       99%         6
 Simulacrum               Ice/Necr       6%         N/A       99%         6
 Starburst                Conj/Fire      5%         6d4       99%         6
 Malign Gateway           Summ/Tloc      8%         N/A       100%        7
 Monstrous Menagerie      Summ           6%         N/A       100%        7
 Spellforged Servitor     Conj/Summ      6%         N/A       100%        7
 Summon Hydra             Summ           6%         N/A       100%        7
 Discord                  Hex            10%        N/A       100%        8
 Disjunction              Tloc           10%        N/A       100%        8
 Ignition                 Fire           5%         3d4       100%        8
 Lehudib's Crystal Spear  Conj/Erth      5%         10d3      100%        8
 Maxwell's Capacitive Co  Air            10%        ∞         100%        8
 Summon Horrible Things   Summ           6%         N/A       100%        8
 Chain Lightning          Conj/Air       8%         3d10      100%        9
 Death's Door             Necr           6%         N/A       100%        9
 Dragon's Call            Summ           6%         N/A       100%        9


Dungeon Overview and Level Annotations

Branches:
Dungeon (15/15)            Temple (1/1) D:6            Lair (5/5) D:8
  Swamp (4/4) Lair:2        Snake (4/4) Lair:3        Slime (5/5) Lair:5
    Orc (2/2) D:11            Elf (3/3) Orc:2        Vaults (5/5) D:13
  Crypt (3/3) Vaults:3       Tomb (3/3) Crypt:3      Depths (4/4) D:15
   Hell (visited)             Dis (1/7) Hell            Geh (7/7) Hell
    Coc (7/7) Hell            Tar (7/7) Hell            Zot (5/5) Depths:4
  Sewer (visited)         Ossuary (visited)          Bailey (visited)
  IceCv (visited)         Desolation (visited)      Gauntlet (visited)

Altars:
Ashenzari
Cheibriados
Dithmenos
Elyvilon
Fedhas
Gozag
Hepliaklqana
Kikubaaqudgha
Makhleb
Nemelex Xobeh
Okawaru
Qazlal
Ru
Sif Muna
Trog
Uskayaw
Vehumet
Wu Jian
Xom
Yredelemnul
Zin
The Shining One
Jiyva

Shops:
D:7 [   D:8 [   Orc:1 (*   Orc:2 =!!?(   Elf:1 [=*   Elf:2 :?   Elf:3 ?(
Snake:3 [   Vaults:1 :   Vaults:4 =

Portals:
Hell: Depths:1 Depths:2 Depths:3 Depths:4
Abyss: Depths:1 Depths:3
Pandemonium: Depths:2

Annotations:
Coc:7 exclusion: ice statue


Innate Abilities, Weirdness & Mutations

You are a creature with a mouth for a stomach.
Your midsection houses a second, enormous mouth.
You have razor-sharp teeth.
Your natural rate of healing is unusually fast.
When hurt, damage is shared between your health and your magic reserves.
Your bite disrupts and absorbs the magic of your enemies.
Potions cannot restore your health.
You have sharp fingernails.
You possess an exceptional clarity of mind.
You are dopey. (Int -2)
Your flesh is heat resistant. (rF+)


Message History

The angel is heavily wounded.
You are engulfed in freezing vapours.
You resist.
You miss the angel. Your bite misses the angel. You bite the angel!
You miss the angel. You bite the angel!!
The angel's magic leaks into the air.
You drain its magic. You bite the angel!
The angel is severely wounded.
You are engulfed in freezing vapours.
You resist.
The angel hits you with a +2 whip of holy wrath.
You block the angel's attack.
You puncture the angel! Your bite misses the angel. You bite the angel!
You kill the angel!
You are engulfed in freezing vapours.
You resist. You block the red devil's attack.
You hit the red devil but do no damage. You bite the red devil!!
You drain its power.
You feel invigorated.
You bite the red devil!
You kill the red devil!
No target in view!
What level of the Dungeon? (default 1, ? - help)
You see here a +0 trident.
HP restored.
There is a stone staircase leading up here.
You climb upwards.
There is a stone staircase leading down here.
You sense a monster nearby.
An Orb Guardian comes into view.
There is a stone staircase leading up here.
You climb upwards.
There is a stone staircase leading down here.
Your extra speed is starting to run out.
There is a stone staircase leading up here.
You climb upwards.
There is a stone staircase leading down here.
An endoplasm is nearby!
You feel yourself slow down.
You puncture the endoplasm!
Your weapon exudes an aura of protection.
You kill the endoplasm!
There is a staircase leading out of the dungeon here.
Okay, then.
You have escaped!

#.............).
########...............
#............[.......##
#.######..............#
#.###...###...###.....#
#.#.............#.....#
#.#.............#.....#
#....###...###........#
#....#W......#........#
#....#.......#...#..###
###.............###..##
#......#......# ##...
##.............## #..#
#...#.......#...# #...
#...#......>#...# #.#.
#...###...###...###.##
##.............##...##


There were no monsters in sight!

Vanquished Creatures
  Cerebov (Pan)
  Antaeus (Coc:7)
  Asmodeus (Geh:7)
  the Royal Jelly (Slime:5)
  Gloorx Vloq (Pan)
  Ereshkigal (Tar:7)
  Lom Lobon (Pan)
  Mnoleg (Pan)
  Khufu (Tomb:3)
  5 dread liches
  6 ancient liches
  Mara (Swamp:4)
  2 orbs of fire (Zot:5)
  Mennas (Pan)
  9 pandemonium lords
  34 royal mummies
  Boris (6 times) (Crypt:3 Depths:1 Depths:2 Depths:3 Tomb:1 Tomb:3)
  29 shard shrikes
  16 Killer Klowns
  Margery (Depths:4)
  Saint Roka (Vaults:4)
  Xtahua (Vaults:4)
  Geryon (Hell)
  8 caustic shrikes
  A curse toe (Zot:4)
  11 golden dragons
  Nikola (Elf:2)
  17 profane servitors
  Jory (Crypt:3)
  11 bone dragons
  the Enchantress (Depths:1)
  16 Tzitzimimeh
  An iron giant (Hell)
  The ghost of Leitius the Impaler, an adept BaCK of Xom (Orc:1)
  8 electric golems
  10 doom hounds
  10 Brimstone Fiends
  8 hellephants
  3 Hell Sentinels
  23 Ice Fiends
  21 liches
  Mlioglotl (Snake:4)
  12 tentacled monstrosities
  26 Orb Guardians
  22 tainted leviathans
  10 searing wretches
  9 quicksilver dragons
  33 titans
  Grunn (Depths:4)
  4 deep elf master archers
  3 deep elf blademasters
  7 death cobs
  12 sphinxes
  14 acid blobs
  14 Executioners
  31 ancient champions
  Kirke (Lair:4)
  A tentacled starspawn (Abyss:3)
  Agnes (Snake:1)
  7 tengu reavers
  A shadow dragon (shapeshifter) (Zig:10)
  A thorn hunter (Swamp:4)
  6 draconian monks
  17 storm dragons
  9 shadow dragons
  Aizul (Snake:2)
  7 revenants
  14 rockslimes
  11 draconian knights
  14 fire giants
  5 nagarajas
  4 demonspawn warmongers (Pan)
  9 azure jellies
  13 frost giants
  3 daevas
  A fenstrider witch (Zig:8)
  22 narguns
  A frost giant (shapeshifter) (Depths:4)
  35 balrugs
  3 quicksilver elementals
  27 vault wardens
  4 deep elf elementalists
  8 deep elf sorcerers
  4 shard shrike simulacra
  A spectral tentacled monstrosity (Crypt:1)
  13 draconian scorchers
  3 iron dragons
  9 ghost moths
  A spectral caustic shrike (Tar:5)
  7 curse skulls
  2 angels
  3 orc warlords
  24 ironbound preservers
  4 draconian stormcallers
  10 draconian shifters
  5 draconian annihilators
  4 spriggan defenders
  9 quicksilver oozes (Slime:5)
  6 ghouls
  8 reapers
  9 cacodemons
  2 juggernaut skeletons
  15 war gargoyles
  5 formless jellyfish
  2 demonspawn corrupters (Pan)
  24 stone giants
  3 demonspawn blood saints (Pan)
  24 very ugly things
  28 elemental wellsprings
  10 vampire knights
  12 deep elf demonologists
  6 ironbound thunderhulks
  10 eleionomae
  11 green draconians
  The ghost of AceOff the Spear-Bearer, a journeyman DsFi of Okawaru (Lair:2)
  12 purple draconians
  17 black draconians
  8 dire elephants
  6 halazid warlocks (Desolation)
  An eleionoma (shapeshifter) (Zig:12)
  13 white draconians
  A minotaur (Gauntlet)
  9 red draconians
  10 bennus
  4 bunyips
  22 wendigos
  4 demonspawn black suns (Pan)
  12 yellow draconians
  4 deep elf annihilators
  5 lorocyprocas
  22 putrid mouths
  2 spark wasps
  13 eidola
  9 blizzard demons
  8 deep elf death magi
  Snorg (Lair:4)
  A merfolk javelineer (Zig:13)
  7 iron golems
  14 fire dragons
  4 shambling mangroves
  A merfolk impaler (Zig:4)
  22 mummy priests
  5 ettins
  4 deep elf high priests
  7 green deaths
  10 great orbs of eyes
  5 crystal guardians
  4 jiangshi (Crypt:1)
  10 ragged hierophants (Desolation)
  16 yaktaur captains
  3 spriggan zombies
  5 spectral spriggans
  24 hydras
  Josephine (Swamp:1)
  9 servants of whispers
  13 salamander tyrants
  A fenstrider witch zombie (Crypt:2)
  A spectral iron giant (Tar:4)
  2 entropy weavers
  3 hell beasts
  5 ice dragons
  2 kraken zombies (Crypt:1)
  4 ghost crabs
  10 peacekeepers
  17 spriggan air magi
  32 vault guards
  5 ironbound frosthearts
  10 rakshasas
  4 ogre magi
  2 stokers
  3 catoblepae
  7 caustic shrike simulacra
  4 spriggan skeletons
  5 boulder beetles
  7 juggernaut simulacra
  15 alligators
  7 anacondas
  19 centaur warriors
  3 satyrs
  2 spectral stone giants
  A jorogumo (shapeshifter) (Vaults:5)
  A sphinx skeleton (Vaults:1)
  60 death scarabs
  32 dancing weapons
  3 death knights
  5 tengu warriors
  A two-headed ogre (shapeshifter) (Depths:3)
  17 two-headed ogres
  An orc high priest (Orc:1)
  2 titan zombies
  6 demonic crawlers (Pan)
  5 deep troll shamans
  15 naga warriors
  13 death yaks
  9 vampire magi
  19 hell hogs
  6 spectral nagas
  A bennu skeleton (Crypt:1)
  A thrashing horror (Abyss:3)
  8 naga sharpshooters
  11 spriggan berserkers
  15 shock serpents
  3 deep troll earth magi
  48 sun demons
  A spectral emperor scorpion (Tar:1)
  17 deep elf knights
  A storm dragon zombie (Depths:1)
  30 hell knights
  16 soul eaters
  A wretched star (Abyss:3)
  8 salamander mystics
  A shock serpent (shapeshifter) (Zig:1)
  A fire crab (shapeshifter) (Zig:10)
  5 iron trolls
  A storm dragon skeleton (Crypt:1)
  A golden dragon zombie (Crypt:3)
  4 skysharks
  2 anaconda zombies (Hell)
  A crystal echidna (Zig:6)
  2 spectral anacondas (Tar:5)
  43 skeletal warriors
  14 sixfirhies
  6 shadow wraiths
  2 titan skeletons
  8 sea snakes
  4 goliath frogs
  2 death drakes
  19 swamp dragons
  5 glowing orange brains
  An iron giant zombie (Crypt:3)
  A sea snake (shapeshifter) (Zig:10)
  3 shadow demons
  4 quicksilver dragon simulacra
  6 naga ritualists
  4 bog bodies
  9 spriggan druids
  A bunyip zombie (Tomb:2)
  4 spriggan simulacra
  9 flayed ghosts
  A spriggan rider (Depths:3)
  62 deep trolls
  A swamp dragon (shapeshifter) (Vaults:5)
  7 deep elf archers
  A spectral hydra (Tar:6)
  An alligator zombie (Hell)
  Pikel (D:9)
  7 lindwurms
  2 obsidian statues (Zig:1)
  9 wizards
  A bunyip skeleton (Hell)
  An anaconda skeleton (Hell)
  3 orange crystal statues
  3 wolf spider zombies
  4 harpies (Vaults:3)
  A shadow dragon skeleton (Crypt:1)
  2 tengu zombies (Depths:3)
  27 ironbound convokers
  21 necromancers
  16 phantasmal warriors
  16 orc knights
  2 salamanders (shapeshifter)
  30 deep elf zephyrmancers
  2 shining eyes (Slime:5)
  14 starcursed masses
  25 deep elf pyromancers
  6 orc sorcerers
  11 mana vipers
  26 moths of wrath
  25 ugly things
  2 oklob plants
  3 centaur zombies
  A fire giant zombie (Vaults:1)
  18 salamanders
  5 will-o-the-wisps
  13 elephants
  A manticore (shapeshifter) (Zig:5)
  2 spectral ettins (Tar:2)
  An iron dragon zombie (Depths:3)
  2 fauns (Zig:13)
  14 large abominations
  A merfolk siren (Zig:6)
  4 cyclopes
  A shining eye (shapeshifter) (Vaults:5)
  10 guardian serpents
  An iron dragon skeleton (Crypt:1)
  8 manticores
  40 black mambas
  A water nymph (shapeshifter) (Vaults:5)
  Maurice (D:12)
  18 naga magi
  3 ice statues
  5 molten gargoyles
  A torpor snail (shapeshifter) (Vaults:5)
  16 vault sentinels
  4 titan simulacra
  7 rust devils
  12 smoke demons
  6 apocalypse crabs
  4 water nymphs
  A dire elephant skeleton (Pan)
  6 gargoyles
  9 cane toads
  3 centaur skeletons
  19 komodo dragons
  15 orange demons
  8 spectral swamp worms (Tar:7)
  A dire elephant zombie (Crypt:3)
  A human zombie (Vaults:1)
  A minotaur zombie (Gauntlet)
  A purple draconian zombie (Crypt:1)
  2 rime drakes
  A black draconian zombie (Crypt:2)
  4 tengu conjurers
  5 efreet (Pan)
  23 hellions
  A redback zombie (Crypt:1)
  10 freezing wraiths
  A sea snake zombie (Crypt:1)
  4 anaconda simulacra
  An ancient zyme (Abyss:3)
  29 yaktaurs
  48 guardian mummies
  2 spectral demonic crawlers (Crypt:1)
  A golden dragon simulacrum (Coc:5)
  2 iron giant simulacra
  2 yaktaur skeletons (Vaults:1)
  A burning bush (Lair:2)
  3 red devils
  15 tyrant leeches
  2 spectral harpies
  19 tormentors
  A sea snake skeleton (Hell)
  A bloated husk (Zig:9)
  6 hellwings
  10 polar bears
  24 hornets
  3 ice devils
  2 merfolk (Zig:4)
  5 meliai
  2 hydra zombies (Hell)
  4 harpy zombies
  10 trolls
  2 hydra skeletons (Hell)
  A snapping turtle (shapeshifter) (Vaults:5)
  69 saltlings
  Grinder (D:5)
  A harpy skeleton (Crypt:3)
  5 raiju
  10 blink frogs
  7 dream sheep (Lair:5)
  4 iron dragon simulacra
  A shadow dragon simulacrum (Zig:14)
  2 ice dragon zombies
  A tarantella zombie (Crypt:1)
  2 stone giant simulacra
  A dream sheep (shapeshifter) (Zig:10)
  A draconian simulacrum (Crypt:2)
  A centaur simulacrum (D:15)
  2 vampires
  A jumping spider (shapeshifter) (Zig:10)
  2 dire elephant simulacra
  7 naga simulacra
  89 slime creatures
  59 flying skulls
  2 fire dragon skeletons (Crypt:1)
  An ice dragon skeleton (Crypt:2)
  5 air elementals
  2 shadows (D:10)
  A spriggan (shapeshifter) (Vaults:5)
  6 water elementals
  4 wyverns
  A satyr skeleton (Crypt:2)
  10 wraiths
  An ettin skeleton (Hell)
  24 spriggans
  6 basilisks
  2 hogs (Lair:4)
  15 ynoxinuls
  A hog (shapeshifter) (D:13)
  13 ushabtiu
  A fire elemental (Elf:2)
  18 neqoxecs
  46 yaks
  A wind drake zombie (Crypt:2)
  6 steam dragons
  12 vampire mosquitoes
  14 chaos spawn
  A redback (Vaults:3)
  20 swamp worms
  2 fire bat zombies (Crypt:2)
  A glowing shapeshifter zombie (Depths:3)
  17 harpy simulacra
  8 wargs
  A swamp worm (shapeshifter) (Zig:1)
  A deep troll zombie (Crypt:2)
  3 hydra simulacra
  39 nagas
  A water nymph zombie (Crypt:2)
  5 acid dragons
  2 naga zombies
  4 naga skeletons
  Duvessa (D:6)
  12 water moccasins
  A two-headed ogre zombie (Crypt:1)
  9 hell hounds
  6 swamp drakes
  4 ettin simulacra
  3 black bears
  38 orc warriors
  An ice beast (D:5)
  A sky beast (D:8)
  A lindwurm zombie (Crypt:2)
  A wolf (shapeshifter) (D:15)
  3 boggarts
  16 wolves (IceCv)
  A centaur (D:9)
  3 small abominations (Abyss:3)
  23 ogres
  A phantom (D:7)
  A lemure (D:9)
  5 necrophages
  An earth elemental (Elf:3)
  3 kobold brigands
  A gnoll sergeant (D:11)
  7 bullfrogs
  2 scorpions
  A cyclops zombie (Crypt:1)
  Dowan (D:6)
  3 wights
  19 killer bees
  2 howler monkeys
  7 electric eels
  2 lava snakes (Lair:5)
  A raiju skeleton (Crypt:2)
  A crimson imp (Pan)
  6 hounds
  19 orc priests
  A jelly (shapeshifter) (Vaults:5)
  Crazy Yiuf (D:3)
  A bullfrog skeleton (Crypt:2)
  2 iron imps (Gauntlet)
  13 jellies
  3 iguanas
  A sleepcap (D:5)
  27 orc wizards
  56 mummies
  A howler monkey zombie (Crypt:2)
  18 gnolls
  8 adders
  A shadow imp (D:5)
  A white imp (D:6)
  An ufetubus (D:7)
  A worm (D:4)
  A dart slug (D:1)
  117 orcs
  6 ball pythons
  6 endoplasms
  7 giant cockroaches
  3 gnoll zombies (Ossuary)
  5 goblins
  13 hobgoblins
  7 jackals
  7 kobolds
  5 quokkas
  5 bats
  10 frilled lizards
  2 goblin zombies (D:8)
  2 hobgoblin zombies (Ossuary)
  2 kobold zombies (Ossuary)
  An orc zombie (Ossuary)
  2 creeping infernos
  A fire vortex (Hell)
  3 tentacles (Crypt:1)
3968 creatures vanquished.

Vanquished Creatures (collateral kills)
  An acid blob (Slime:5)
  2 azure jellies (Slime:5)
  A wendigo (Coc:5)
  A hydra (Swamp:4)
  A catoblepas (shapeshifter) (D:10)
  A cyclops (D:10)
  A slime creature (Slime:5)
  A yak (D:10)
  An ettin simulacrum (Coc:5)
10 creatures vanquished.

Vanquished Creatures (others)
  4 shard shrikes (Coc:6)
  An eldritch tentacle (Tomb:2)
  A draconian annihilator (Pan)
  A ghost moth (Pan)
  An elemental wellspring (Coc:5)
  2 wendigos
  A white draconian (Zot:5)
  3 caustic shrike simulacra
  A deep elf high priest (Elf:3)
  A juggernaut simulacrum (Coc:4)
  A dancing weapon (Crypt:3)
  A satyr (Zig:13)
  A death scarab (Tomb:2)
  A naga sharpshooter (Zig:13)
  A deep elf knight (Elf:1)
  3 quicksilver dragon simulacra
  A swamp dragon (Zig:9)
  4 cyclopes (Zig:13)
  2 sphinx simulacra (Zig:14)
  2 fauns (Zig:13)
  A hellion (Coc:7)
  A freezing wraith (Coc:7)
  A guardian mummy (Tomb:2)
  An anaconda simulacrum (Coc:4)
  A shadow dragon simulacrum (Zig:12)
  3 iron giant simulacra
  3 bloated husks
  A stone giant simulacrum (Coc:2)
  A dire elephant simulacrum (Coc:5)
  A human (Lair:4)
  5 harpy simulacra
  2 swamp drakes (Zig:7)
  An ettin simulacrum (Coc:5)
  A centaur (Zig:13)
  2 creeping infernos (Hell)
  10 foxfires
  2 starspawn tentacles (Abyss:3)
  15 tentacles
85 creatures vanquished.

Grand Total: 4063 creatures vanquished

Notes
Turn   | Place    | Note
-------+----------+-------------------------------------------
     0 | D:1      | Charly the Vine Stalker Brigand began the quest for the
                  | Orb.
     0 | D:1      | Reached XP level 1. HP: 11/11 MP: 2/2
   261 | D:1      | Reached skill level 5 in Stealth
   261 | D:1      | Reached XP level 2. HP: 15/15 MP: 3/3
   449 | D:1      | Got a tattered book
   670 | D:2      | Reached XP level 3. HP: 18/18 MP: 4/4
  1587 | D:3      | Found a glowing drain.
  1595 | D:3      | Reached XP level 4. HP: 23/23 MP: 5/5
  1614 | Sewer    | Entered a sewer
  1712 | Sewer    | Reached skill level 1 in Shapeshifting
  2148 | D:3      | Found a faded altar of an unknown god.
  2187 | D:3      | Reached XP level 5. HP: 27/27 MP: 6/6
  2366 | D:3      | Found a runed translucent door.
  2367 | D:3      | Noticed Crazy Yiuf
  2771 | D:4      | Noticed an ogre
  2792 | D:4      | Killed an ogre
  2968 | D:4      | Reached XP level 6. HP: 27/32 MP: 7/7
  3163 | D:4      | Noticed a black bear
  3197 | D:4      | Killed a black bear
  3422 | D:5      | Entered Level 5 of the Dungeon
  3422 | D:5      | Noticed Grinder
  3438 | D:5      | Reached XP level 7. HP: 36/36 MP: 8/8
  3811 | D:5      | Reached skill level 5 in Short Blades
  4122 | D:5      | Learned a level 1 spell: Apportation
  4181 | D:6      | Found a staircase to the Ecumenical Temple.
  4190 | Temple   | Entered the Ecumenical Temple
  4216 | Temple   | Became a worshipper of Ashenzari the Shackled
  4266 | D:6      | Noticed Dowan
  4446 | D:6      | Gained mutation: You have razor-sharp teeth. [Vine Stalker
                  | growth]
  4446 | D:6      | Reached XP level 8. HP: 42/42 MP: 9/9
  4729 | D:6      | Found an ancient bone altar of Kikubaaqudgha.
  5020 | D:6      | Noticed Duvessa
  5045 | D:6      | Killed Duvessa
  5418 | D:6      | Reached skill level 1 in Spellcasting
  5695 | D:6      | Killed Dowan
  5903 | D:7      | Reached * piety under Ashenzari
  6152 | D:7      | Reached XP level 9. HP: 28/48 MP: 13/13
  6386 | D:7      | Reached skill level 5 in Fighting
  6677 | D:7      | Found Filiuzez's Antique Armour Emporium.
  6711 | D:7      | Bought an embroidered cloak for 187 gold pieces
  6722 | D:7      | Reached ** piety under Ashenzari
  7001 | D:7      | Found Filiuzez's Antique Armour Emporium.
  7856 | D:8      | Found a snail-covered altar of Cheibriados.
  7856 | D:8      | Found Cheibriados's Comfort Zone.
  7927 | D:8      | Found a sand-covered staircase.
  7942 | Ossuary  | Entered an ossuary
  8011 | Ossuary  | Reached skill level 1 in Evocations
  8424 | D:5      | Killed Grinder
  8652 | D:8      | Found a staircase to the Lair.
  8677 | D:8      | Reached XP level 10. HP: 43/56 MP: 18/18
  8685 | D:8      | Reached skill level 5 in Shapeshifting
  9275 | D:9      | Noticed Pikel
  9285 | D:9      | Killed Pikel
  9332 | D:9      | Found a flagged portal.
  9349 | Bailey   | Entered a bailey
  9375 | Bailey   | Reached *** piety under Ashenzari
  9533 | Bailey   | Reached skill level 1 in Dodging
  9582 | Bailey   | Noticed an orc knight
  9669 | Bailey   | Killed an orc knight
  9766 | Bailey   | Identified the +8 gold dragon scales of the Forest {rPois
                  | rF+ rC+ Str+2 Dex+2 Stlth+}
  9884 | D:9      | Noticed a two-headed ogre
  9904 | D:9      | Killed a two-headed ogre
  9905 | D:9      | Reached skill level 10 in Stealth
 10203 | D:9      | Reached XP level 11. HP: 60/62 MP: 20/20
 10387 | D:10     | Entered Level 10 of the Dungeon
 10431 | D:10     | Reached **** piety under Ashenzari
 10748 | D:10     | Reached skill level 1 in Armour
 10933 | D:10     | Noticed a cyclops
 10948 | D:10     | Killed a cyclops
 10967 | D:10     | Noticed a two-headed ogre
 10969 | D:10     | Noticed a purple ugly thing
 10999 | D:10     | Killed a two-headed ogre
 11004 | D:10     | Killed a purple ugly thing
 11084 | D:10     | Reached skill level 10 in Short Blades
 11094 | D:10     | Noticed a quicksilver ooze
 11101 | D:10     | a quicksilver ooze changed into a catoblepas
 11101 | D:10     | Noticed a catoblepas (shapeshifter)
 11115 | D:10     | Killed a catoblepas
 11133 | D:10     | Noticed a cyclops
 11146 | D:10     | Killed a cyclops
 11166 | D:10     | Reached skill level 5 in Evocations
 11447 | D:10     | Found a shimmering altar of Xom.
 11536 | D:11     | Noticed a two-headed ogre
 11547 | D:11     | Killed a two-headed ogre
 11548 | D:11     | Reached XP level 12. HP: 57/70 MP: 22/22
 11802 | D:11     | Identified Engasesch's Essays on Burnt Conduction
 11878 | D:11     | Reached skill level 1 in Shields
 12002 | D:11     | Found a staircase to the Orcish Mines.
 12373 | Lair:1   | Entered Level 1 of the Lair of Beasts
 12610 | Lair:1   | Found a frozen archway.
 12619 | IceCv    | Entered an ice cave
 12840 | IceCv    | Upgraded the game from 0.31-a0-865-g3d5d91748a to
                  | 0.31-a0-868-g674d60d6f7
 12896 | IceCv    | Reached ***** piety under Ashenzari
 12900 | IceCv    | Noticed a death yak
 12958 | IceCv    | Killed a death yak
 13425 | IceCv    | Reached XP level 13. HP: 79/79 MP: 27/27
 13425 | IceCv    | Noticed a frost giant
 13475 | IceCv    | Killed a frost giant
 13504 | IceCv    | Identified the staff of Wyrd {rPois rF+ Int+3 Dex+2 Poison}
 13834 | Lair:1   | 29/4
 14669 | Lair:2   | Found a runed translucent gate.
 14670 | Lair:2   | Found a runed translucent gate.
 14679 | Lair:2   | Found a runed translucent gate.
 14681 | Lair:2   | Noticed AceOff's ghost (journeyman DsFi)
 14706 | Lair:2   | Reached skill level 5 in Dodging
 14812 | Lair:2   | Found a staircase to the Swamp.
 15515 | Lair:3   | Identified a scroll of acquirement
 15526 | Lair:3   | Acquired the +6 quick blade of the Sharing Firefly {flame,
                  | rF+ Str+3 Int+5}
 15557 | Lair:3   | Reached skill level 5 in Spellcasting
 15735 | Lair:3   | Found a staircase to the Snake Pit.
 16090 | Lair:4   | Reached XP level 14. HP: 84/84 MP: 29/29
 16470 | Lair:4   | Noticed Kirke
 16474 | Lair:4   | Killed Kirke
 16476 | Lair:4   | Noticed Snorg
 16482 | Lair:4   | Killed Snorg
 16844 | Lair:5   | Entered Level 5 of the Lair of Beasts
 17159 | Lair:5   | Found a bloodstained altar of Trog.
 17222 | Lair:5   | Reached skill level 10 in Fighting
 17292 | Lair:5   | Found a staircase to the Slime Pits.
 17661 | Lair:5   | Found a large runed translucent door.
 17661 | Lair:5   | Found a large runed translucent door.
 18416 | D:12     | Reached XP level 15. HP: 91/91 MP: 32/32
 18534 | D:12     | Noticed Maurice
 18540 | D:12     | Killed Maurice
 19152 | D:13     | Reached skill level 10 in Shapeshifting
 19169 | D:13     | Found a gate leading to a gauntlet.
 19178 | Gauntlet | Entered a Gauntlet
 19178 | Gauntlet | Found a transporter.
 19178 | Gauntlet | Found a transporter.
 19178 | Gauntlet | Found a transporter.
 19188 | Gauntlet | Found a transporter.
 19191 | Gauntlet | Found a transporter.
 19202 | Gauntlet | Found a transporter.
 19210 | Gauntlet | Found a transporter.
 19228 | Gauntlet | Found a transporter.
 19234 | Gauntlet | Found a transporter.
 19234 | Gauntlet | Found a transporter.
 19236 | Gauntlet | Found a transporter.
 19246 | Gauntlet | Found a transporter.
 19605 | D:13     | Found a gate to the Vaults.
 20246 | D:14     | Found a transporter.
 20254 | D:14     | Identified the amulet of Ycuap {Reflect Drain rElec Regen+
                  | SH+5}
 20256 | D:14     | Identified the amulet "Dereleev" {Spirit rElec Str+5}
 20347 | D:14     | Found a transporter.
 20487 | D:15     | Entered Level 15 of the Dungeon
 20664 | D:15     | Found a staircase to the Depths.
 20814 | D:15     | Reached ****** piety under Ashenzari
 21223 | Orc:1    | Entered Level 1 of the Orcish Mines
 21360 | Orc:1    | Found Ojothr Aseor's Assorted Antiques.
 21406 | Orc:1    | Reached XP level 16. HP: 101/101 MP: 35/35
 21576 | Orc:2    | Entered Level 2 of the Orcish Mines
 21576 | Orc:2    | Found a flickering gateway to a bazaar.
 21638 | Bazaar   | Entered a bazaar
 21652 | Bazaar   | Found Liffy's Distillery.
 21668 | Bazaar   | Found Cikeet's Assorted Antiques.
 21684 | Bazaar   | Found Zeowkacw's Weapon Shoppe.
 21684 | Bazaar   | Found Noaxzowa's Book Emporium.
 21726 | Bazaar   | Bought a potion of might for 96 gold pieces
 21726 | Bazaar   | Bought a scroll of silence for 228 gold pieces
 21726 | Bazaar   | Bought a scroll of fear for 96 gold pieces
 21740 | Bazaar   | Bought 3 potions of curing for 90 gold pieces
 21740 | Bazaar   | Bought a potion of mutation for 80 gold pieces
 21740 | Bazaar   | Bought 2 potions of enlightenment for 100 gold pieces
 21740 | Bazaar   | Bought a potion of resistance for 100 gold pieces
 21740 | Bazaar   | Bought a potion of mutation for 80 gold pieces
 21740 | Bazaar   | Bought a potion of enlightenment for 50 gold pieces
 21891 | Orc:1    | Found Bazyuga's Weapon Boutique.
 22121 | Orc:1    | Found a runed translucent gate.
 22122 | Orc:1    | Found a runed translucent gate.
 22122 | Orc:1    | Found a runed translucent gate.
 22133 | Orc:1    | Noticed Leitius's ghost (adept BaCK)
 22309 | Orc:2    | Found Origat's Jewellery Shop.
 22344 | Orc:2    | Found Xazo's Distillery.
 22348 | Orc:2    | Reached skill level 10 in Evocations
 22351 | Orc:2    | Found Gacaul's Distillery.
 22411 | Orc:2    | Found Ymurhergh's Magic Scroll Emporium.
 22443 | Orc:2    | Found Vovaoxul's Antique Weapon Boutique.
 22468 | Orc:2    | Bought a potion of experience for 700 gold pieces
 22468 | Orc:2    | Reached XP level 17. HP: 107/107 MP: 37/37
 22469 | Orc:2    | Bought a potion of curing for 42 gold pieces
 22469 | Orc:2    | Bought a potion of resistance for 140 gold pieces
 22469 | Orc:2    | Bought a potion of magic for 112 gold pieces
 22469 | Orc:2    | Bought a potion of magic for 112 gold pieces
 22469 | Orc:2    | Bought a potion of might for 56 gold pieces
 22469 | Orc:2    | Bought a potion of magic for 112 gold pieces
 22469 | Orc:2    | Bought a potion of curing for 42 gold pieces
 22474 | Orc:2    | Bought a potion of curing for 51 gold pieces
 22474 | Orc:2    | Bought a potion of invisibility for 136 gold pieces
 22480 | Orc:2    | Bought a scroll of blinking for 75 gold pieces
 22514 | Orc:2    | Found a staircase to the Elven Halls.
 22873 | Orc:2    | Bought 2 scrolls of teleportation for 60 gold pieces
 22873 | Orc:2    | Bought a scroll of enchant armour for 75 gold pieces
 22873 | Orc:2    | Bought 3 scrolls of teleportation for 90 gold pieces
 23127 | D:3      | Killed Crazy Yiuf
 23785 | Snake:1  | Entered Level 1 of the Snake Pit
 23849 | Snake:1  | Noticed Agnes
 23861 | Snake:1  | Killed Agnes
 24063 | Snake:1  | Identified the +7 chain mail of Jisuo {+Blink Str+3 Int+2}
 24592 | Snake:2  | Noticed Aizul
 24605 | Snake:2  | Killed Aizul
 24660 | Snake:2  | Acquired the ring of Piupluh {rF+ rC- rN++ Dex+5}
 25191 | Snake:3  | Reached XP level 18. HP: 112/113 MP: 38/38
 25229 | Snake:3  | Acquired the amulet "Forget-Me-Not" {Reflect +Inv rF+ rC++
                  | SH+5 Stlth-}
 25246 | Snake:3  | Identified Dufogaw's Discursus on Support
 25409 | Snake:3  | Found Vyloca's Antique Armour Emporium.
 26102 | Snake:4  | Entered Level 4 of the Snake Pit
 26288 | Snake:4  | Reached skill level 5 in Shields
 26305 | Snake:4  | Noticed Mlioglotl
 26312 | Snake:4  | Killed Mlioglotl
 27371 | Snake:4  | Reached skill level 10 in Dodging
 27461 | Snake:4  | Got a serpentine rune of Zot
 27838 | Orc:2    | Bought 3 scrolls of fog for 120 gold pieces
 27844 | Orc:2    | Bought a potion of resistance for 170 gold pieces
 28129 | Snake:3  | Bought an embroidered hat for 238 gold pieces
 28247 | Swamp:1  | Entered Level 1 of the Swamp
 28278 | Swamp:1  | Noticed Josephine
 28284 | Swamp:1  | Killed Josephine
 28437 | Swamp:1  | Reached XP level 19. HP: 120/120 MP: 40/40
 29679 | Swamp:4  | Entered Level 4 of the Swamp
 29679 | Swamp:4  | Identified the +3 scale mail "Saapuat" {Int+6}
 29813 | Swamp:4  | Noticed Mara
 29839 | Swamp:4  | Noticed Charly's illusion
 29867 | Swamp:4  | Killed Mara
 29960 | Swamp:4  | Reached skill level 10 in Spellcasting
 30013 | Swamp:4  | Got a decaying rune of Zot
 30156 | Swamp:4  | Reached skill level 15 in Fighting
 30292 | Swamp:4  | 35/12/24
 30540 | Vaults:1 | Entered Level 1 of the Vaults
 30579 | Vaults:1 | Reached skill level 2 in Throwing
 30639 | Vaults:1 | Identified the +0 falchion "Keganash" {holy, Dex+2}
 30916 | Vaults:1 | Reached XP level 20. HP: 128/128 MP: 42/42
 30987 | Vaults:1 | Found Manlapt's Book Emporium.
 31063 | Vaults:1 | Reached skill level 3 in Throwing
 32943 | Vaults:3 | Reached XP level 21. HP: 135/135 MP: 44/44
 33039 | Vaults:3 | Identified the +0 spear "Utaeparr" {protect, rCorr Int+3
                  | Dex+2}
 33392 | Vaults:3 | Found a staircase to the Crypt.
 34327 | Vaults:4 | Found Wecim's Jewellery Shoppe.
 34469 | Vaults:4 | Reached skill level 10 in Shields
 34611 | Vaults:4 | Noticed Saint Roka
 34631 | Vaults:4 | Killed Saint Roka
 34652 | Vaults:4 | Noticed Xtahua
 34662 | Vaults:4 | Killed Xtahua
 35277 | Vaults:4 | Learned a level 3 spell: Ignite Poison
 35281 | Vaults:4 | Learned a level 3 spell: Sigil of Binding
 35352 | Crypt:1  | Entered Level 1 of the Crypt
 35564 | Crypt:1  | Reached XP level 22. HP: 144/144 MP: 47/47
 35579 | Crypt:1  | Identified the +6 quick blade "Alaklani" {pain, rN+ rCorr
                  | SInv}
 35846 | Crypt:1  | Reached skill level 15 in Stealth
 36359 | Crypt:1  | Identified the +7 dagger "Heaw" {pain, rF+ Dex+7}
 37108 | Crypt:3  | Entered Level 3 of the Crypt
 37128 | Crypt:3  | Noticed Jory
 37147 | Crypt:3  | Killed Jory
 37305 | Crypt:3  | Noticed Boris
 37323 | Crypt:3  | Killed Boris
 37482 | Crypt:3  | Found a staircase to the Tomb.
 37591 | Crypt:3  | Found an ancient bone altar of Kikubaaqudgha.
 37591 | Crypt:3  | Noticed an ancient lich
 37595 | Crypt:3  | Killed an ancient lich
 37628 | Crypt:3  | Identified the +5 triple crossbow of an ice cave {freeze,
                  | Str+3 Int+3 Dex+3 Stlth+}
 37807 | Crypt:3  | Reached XP level 23. HP: 151/151 MP: 48/48
 37933 | Crypt:3  | Identified the Atlas of Last Rites
 37933 | Crypt:3  | Identified the ring of Tedes {rN+ SInv}
 37933 | Crypt:3  | Identified the ring of Owkur {rN+ MP+9 Str+7}
 38393 | Elf:1    | Entered Level 1 of the Elven Halls
 38405 | Elf:1    | Paralysed by an air elemental for 1 turns
 38414 | Elf:1    | Found Kumiat's Jewellery Boutique.
 38583 | Elf:1    | Found Wen Seod's General Store.
 38593 | Elf:1    | Bought 5 atropa-tipped darts for 72 gold pieces
 38593 | Elf:1    | Bought a potion of enlightenment for 80 gold pieces
 38738 | Elf:1    | Found Ojohanera's Armour Shoppe.
 38769 | Elf:1    | Identified the Cyclopedia of the Union
 38920 | Elf:1    | Bought the ring "Souroa" {rPois rC+ rCorr MP+9} for 1092
                  | gold pieces
 39024 | Elf:2    | Noticed Nikola
 39025 | Elf:2    | Killed Nikola
 39040 | Elf:2    | Found a crumbling gateway.
 39066 | Desolati | Entered the Desolation of Salt
 39123 | Desolati | Identified the +11 morningstar of Fedhas's Whim {spect,
                  | Will+}
 39123 | Desolati | Identified the +8 great mace of Selass {speed, Drain rElec
                  | Dex+6}
 39187 | Desolati | Learned a level 2 spell: Passwall
 39341 | Desolati | Identified the ring of the Scavenger {Str+6 Int+2 Dex+3}
 39522 | Desolati | Identified the Information on Gathered Contamination
 39522 | Desolati | Identified the staff of Invincibility {rN+ Int+4 Stlth+
                  | Conj}
 39871 | Elf:2    | Found a runed translucent gate.
 39871 | Elf:2    | Found a runed translucent gate.
 39875 | Elf:2    | Found a runed translucent gate.
 39936 | Elf:2    | Found Kyaneic's Tiny Tomes.
 40005 | Elf:2    | Found Icrece's Magic Scroll Shoppe.
 40008 | Elf:2    | Bought a scroll of revelation for 127 gold pieces
 40174 | Elf:1    | Found a shimmering blue altar of Sif Muna.
 40195 | Elf:2    | Learned a level 2 spell: Lesser Beckoning
 40228 | Elf:2    | Reached skill level 4 in Throwing
 40501 | Elf:2    | Reached XP level 24. HP: 154/154 MP: 46/46
 40768 | Elf:3    | Entered Level 3 of the Elven Halls
 40862 | Elf:3    | Found Ceidgh's Magic Scroll Shop.
 40866 | Elf:3    | Found Kaofopur's Antique Weapon Shop.
 40879 | Elf:3    | Bought a scroll of teleportation for 48 gold pieces
 40879 | Elf:3    | Bought a scroll of enchant armour for 120 gold pieces
 40879 | Elf:3    | Bought a scroll of enchant armour for 120 gold pieces
 40879 | Elf:3    | Bought a scroll of teleportation for 48 gold pieces
 40879 | Elf:3    | Bought a scroll of enchant armour for 120 gold pieces
 40879 | Elf:3    | Bought a scroll of silence for 152 gold pieces
 40950 | Elf:3    | Identified the +5 arbalest of the Poles {penet, Int+5}
 41337 | Elf:3    | Identified the amulet "Laodgh" {Faith Rampage Will+}
 41337 | Elf:3    | Identified the ring of Immorality {rPois Str+3 Int+6}
 41337 | Elf:3    | Identified the ring of Vodka {rC+ SInv}
 41362 | Elf:3    | Identified the ring "Qoloe" {Contam rPois rF+ Will+}
 41838 | Elf:3    | Found Ceidgh's Magic Scroll Shop.
 41844 | Elf:3    | Found Kaofopur's Antique Weapon Shop.
 42554 | Depths:1 | Entered Level 1 of the Depths
 42560 | Depths:1 | Found a gateway to Hell.
 43148 | Depths:1 | Noticed Boris
 43164 | Depths:1 | Killed Boris
 43188 | Depths:1 | Found a sparkling altar of Nemelex Xobeh.
 43237 | Depths:1 | Noticed the Enchantress
 43280 | Depths:1 | Killed the Enchantress
 43664 | Depths:1 | Found a one-way gate to the infinite horrors of the Abyss.
 43774 | Depths:2 | Reached XP level 25. HP: 158/158 MP: 46/46
 43964 | Depths:2 | Noticed Boris
 43971 | Depths:2 | Killed Boris
 44022 | Depths:2 | Reached skill level 15 in Dodging
 44113 | Depths:2 | Found a one-way gate leading to the halls of Pandemonium.
 44344 | Depths:3 | Noticed a dread lich
 44344 | Depths:3 | Noticed a dread lich
 44345 | Depths:3 | Found a one-way gateway to a ziggurat.
 44345 | Depths:3 | Noticed a dread lich
 44503 | Depths:3 | Killed a dread lich
 44526 | Depths:3 | Killed a dread lich
 44549 | Depths:3 | Killed a dread lich
 44698 | Depths:3 | Identified the +2 hand axe "Gauzxap" {freeze, rElec}
 44763 | Depths:3 | Noticed Boris
 44781 | Depths:3 | Killed Boris
 44932 | Depths:3 | Reached skill level 5 in Throwing
 45445 | Depths:4 | Entered Level 4 of the Depths
 45489 | Depths:4 | Noticed Grunn
 45520 | Depths:4 | Noticed Margery
 45648 | Depths:4 | Killed Margery
 45661 | Depths:4 | Killed Grunn
 45815 | Depths:4 | Reached XP level 26. HP: 165/165 MP: 46/46
 45874 | Depths:4 | Reached skill level 6 in Throwing
 45945 | Depths:4 | Found a gate to the Realm of Zot.
 45966 | Depths:4 | Found a radiant altar of Vehumet.
 46768 | Lair:2   | Killed AceOff's ghost
 46999 | Orc:1    | Killed Leitius's ghost
 47310 | Slime:1  | Entered Level 1 of the Pits of Slime
 47333 | Slime:2  | Reached skill level 15 in Spellcasting
 47439 | Slime:5  | Entered Level 5 of the Pits of Slime
 47499 | Slime:5  | Noticed the Royal Jelly
 47506 | Slime:5  | Found a viscous altar of Jiyva.
 47520 | Slime:5  | Killed the Royal Jelly
 47538 | Slime:5  | Reached skill level 15 in Shields
 47541 | Slime:5  | Identified the +7 chain mail of Hepliaklqana's Hatred
                  | {rPois rF+ rN+}
 47543 | Slime:5  | Identified the ring "Wur Dofo" {+Blink Str+6 SInv}
 47550 | Slime:5  | Gained mutation: Your magical capacity is low. (-10% MP) [a
                  | shining eye]
 47881 | Slime:5  | Identified the +0 plate armour of the Slorg {Regen+ Str-5
                  | Int+4}
 47935 | Slime:5  | Got a slimy rune of Zot
 48068 | Slime:5  | Identified the +5 chain mail "Yde Sajigo" {SInv Stlth+}
 48240 | Slime:5  | Learned a level 2 spell: Blink
 48240 | Slime:5  | Lost mutation: Your magical capacity is low. (-10% MP)
                  | [potion of mutation]
 48240 | Slime:5  | Gained mutation: You possess an exceptional clarity of
                  | mind. [potion of mutation]
 48240 | Slime:5  | Gained mutation: You have sharp fingernails. [potion of
                  | mutation]
 48739 | Vaults:5 | Entered Level 5 of the Vaults
 48786 | Vaults:5 | Reached skill level 1 in Translocations
 48850 | Vaults:5 | Noticed a dread lich
 48869 | Vaults:5 | Killed a dread lich
 48958 | Vaults:5 | Reached XP level 27. HP: 171/171 MP: 48/48
 49042 | Vaults:5 | Noticed a dread lich
 49061 | Vaults:5 | Killed a dread lich
 49062 | Vaults:5 | Reached skill level 7 in Throwing
 49261 | Vaults:5 | Identified the +4 war axe of Midnight {holy, Will+ Int+3
                  | Dex+5}
 49288 | Vaults:5 | Learned a level 2 spell: Wereblood
 49373 | Vaults:5 | Identified the amulet of Adokkaek {Faith Rampage Drain
                  | rCorr}
 49482 | Vaults:5 | Reached skill level 1 in Transmutations
 49486 | Vaults:5 | Identified the Meditations on the Tropics
 49579 | Vaults:5 | Identified the +9 long sword of Friendship {heavy, rPois
                  | Dex+5}
 49906 | Vaults:5 | Identified the +1 battleaxe of Dawn {venom, *Slow rC+
                  | Int+2}
 50156 | Vaults:5 | Identified the Information on Voltage
 50224 | Vaults:5 | Got a silver rune of Zot
 50260 | Vaults:5 | Identified the ring "Asmem" {EV+5 Dex+3 Slay+3}
 51455 | Zot:1    | Entered Level 1 of the Realm of Zot
 52584 | Elf:1    | Bought a wand of mindburst (7) for 156 gold pieces
 52584 | Elf:1    | Bought a wand of acid (7) for 470 gold pieces
 52584 | Elf:1    | Bought a wand of paralysis (3) for 115 gold pieces
 52663 | Orc:1    | Bought a scroll of enchant armour for 307 gold pieces
 52663 | Orc:1    | Bought a wand of iceblast (4) for 393 gold pieces
 52663 | Orc:1    | Bought a wand of acid (7) for 1205 gold pieces
 52731 | Orc:2    | Bought a masterwork short sword for 208 gold pieces
 52731 | Orc:2    | Identified the +5 short sword of Articulation {freeze, Fly
                  | rC+} (You bought it in a shop on level 2 of the Orcish
                  | Mines)
 53491 | Zot:3    | Reached skill level 8 in Throwing
 53593 | Zot:3    | Noticed an ancient lich
 53597 | Zot:3    | Killed an ancient lich
 54814 | Zot:5    | Entered Level 5 of the Realm of Zot
 54843 | Zot:5    | Reached skill level 15 in Evocations
 55283 | Zot:5    | Noticed an ancient lich
 55395 | Zot:5    | Killed an ancient lich
 55398 | Zot:5    | Noticed an orb of fire
 55409 | Zot:5    | Killed an orb of fire
 55993 | Zot:5    | Noticed an ancient lich
 56056 | Zot:5    | Killed an ancient lich
 56059 | Zot:5    | Noticed an orb of fire
 56067 | Zot:5    | Gained mutation: You are dopey. (Int -2) [an orb of fire]
 56071 | Zot:5    | Killed an orb of fire
 56156 | Zot:5    | Noticed an ancient lich
 56177 | Zot:5    | Killed an ancient lich
 56794 | Zig:1    | Entered Level 1 of a ziggurat
 56824 | Zig:2    | Entered Level 2 of a ziggurat
 56824 | Zig:2    | Identified the +4 bardiche "Pohu" {protect, rC+ SInv}
 56840 | Zig:3    | Entered Level 3 of a ziggurat
 56840 | Zig:3    | Identified the ring "Plog" {Fire Int+3}
 56865 | Zig:4    | Entered Level 4 of a ziggurat
 56865 | Zig:4    | Noticed Qezan the pandemonium lord
 56884 | Zig:4    | Killed Qezan the pandemonium lord
 56893 | Zig:5    | Entered Level 5 of a ziggurat
 56907 | Zig:5    | Identified the +4 battleaxe "Cuody" {heavy, Fly rElec rN+
                  | Int+3}
 56938 | Zig:6    | Entered Level 6 of a ziggurat
 56942 | Zig:6    | Identified the Directory of Altered Accomplices
 56984 | Zig:6    | Learned a level 3 spell: Swiftness
 56989 | Zig:6    | Learned a level 4 spell: Passage of Golubria
 56994 | Zig:6    | Learned a level 4 spell: Vhi's Electric Charge
 56995 | Zig:7    | Entered Level 7 of a ziggurat
 57033 | Zig:7    | Reached skill level 1 in Air Magic
 57050 | Zig:8    | Entered Level 8 of a ziggurat
 57118 | Zig:8    | Identified the +1 scale mail "Dup Souh" {rC+ Will- SInv}
 57131 | Zig:8    | Reached skill level 9 in Throwing
 57174 | Zig:9    | Entered Level 9 of a ziggurat
 57180 | Zig:9    | Identified the +4 morningstar of the Globe {flame, *Rage
                  | Int+5}
 57181 | Zig:9    | Identified the staff of Patterns {rPois Str+5 Int+6 Stlth-
                  | Poison}
 57182 | Zig:9    | Identified the +10 morningstar "Pufeb" {protect, rF++}
 57225 | Zig:10   | Entered Level 10 of a ziggurat
 57251 | Zig:10   | Identified the +0 robe of Rinokkuv {rF+}
 57251 | Zig:10   | Identified the +5 sling "Cinozui" {speed, rN+ Will+ Int+2}
 57312 | Zig:11   | Entered Level 11 of a ziggurat
 57327 | Zig:11   | Identified the amulet of Awe {Drain Regen+ rCorr Slay+3
                  | SInv}
 57346 | Zig:11   | Reached skill level 5 in Translocations
 57393 | Zig:12   | Entered Level 12 of a ziggurat
 57427 | Zig:12   | Paralysed by a wendigo for 1 turns
 57440 | Zig:12   | Paralysed by a wendigo for 1 turns
 57493 | Zig:12   | Identified the amulet "Fexkah" {Acrobat Fly rElec Dex-3
                  | Stlth+}
 57502 | Zig:12   | Reached skill level 10 in Throwing
 57536 | Zig:13   | Entered Level 13 of a ziggurat
 57548 | Zig:13   | Identified the +12 whip of Xuohorhed {drain, rElec Will+
                  | SInv}
 57548 | Zig:13   | Found the +6 lightning scales {swift, rElec}
 57683 | Pan      | Entered Pandemonium
 57925 | Pan      | Noticed Megiann the pandemonium lord
 57933 | Pan      | Killed Megiann the pandemonium lord
 57995 | Pan      | Found a runed translucent door.
 58012 | Pan      | Got a demonic rune of Zot
 58134 | Pan      | Noticed Mennas
 58158 | Pan      | Killed Mennas
 58224 | Pan      | Reached skill level 11 in Throwing
 58268 | Pan      | Entered the realm of Cerebov.
 58559 | Pan      | Found an exit through the horrors of the Abyss.
 58560 | Pan      | Identified the +1 scale mail of the Mind {+Blink +Inv
                  | rPois}
 58860 | Pan      | Found the +6 sword of Cerebov {flame}
 58860 | Pan      | Noticed Cerebov
 58869 | Pan      | Killed Cerebov
 58902 | Pan      | Identified the amulet of Lurghykhe {Faith rC+}
 58926 | Pan      | Identified the amulet "Jolimunu" {rF+ Regen+ Int+3}
 58942 | Pan      | Acquired the +2 helmet "Pif Lymp" {Will+++ rCorr Int+2
                  | Stlth-}
 58956 | Pan      | Identified the +1 robe "Nimosir" {Int+3}
 58957 | Pan      | Identified the +6 dagger "Zohugauh" {drain, *Noise rElec
                  | rF- SInv}
 58985 | Pan      | Identified the staff "Rebyusakh" {rPois rN+ Str+3 Stlth+
                  | Necro}
 59113 | Pan      | Got a fiery rune of Zot
 59203 | Pan      | Entered the realm of Gloorx Vloq.
 59243 | Pan      | Noticed Gloorx Vloq
 59262 | Pan      | Killed Gloorx Vloq
 59270 | Pan      | Reached skill level 12 in Throwing
 59421 | Pan      | Got a dark rune of Zot
 59557 | Pan      | Noticed Agidiuph the pandemonium lord
 59567 | Pan      | Killed Agidiuph the pandemonium lord
 59641 | Pan      | Entered the realm of Lom Lobon.
 59807 | Pan      | Noticed Lom Lobon
 59821 | Pan      | Killed Lom Lobon
 59838 | Pan      | Got a magical rune of Zot
 60054 | Pan      | Found an exit through the horrors of the Abyss.
 60205 | Pan      | Entered the realm of Mnoleg.
 60209 | Pan      | Noticed Mnoleg
 60220 | Pan      | Killed Mnoleg
 60239 | Pan      | Got a glowing rune of Zot
 60416 | Pan      | Found an exit through the horrors of the Abyss.
 60439 | Pan      | Took an exit into the Abyss.
 60439 | Abyss:1  | Escaped into the Abyss
 60439 | Abyss:1  | Found a corrupted altar of Lugonu.
 60648 | Abyss:3  | Reached skill level 13 in Throwing
 60800 | Abyss:4  | Gained mutation: Your flesh is heat resistant. (rF+) [a
                  | neqoxec]
 60818 | Abyss:4  | Paralysed by accursed screaming for 1 turns
 60852 | Abyss:4  | Got an abyssal rune of Zot
 60882 | Depths:2 | Escaped the Abyss
 60953 | Hell     | Entered the Vestibule of Hell
 60953 | Hell     | Noticed Geryon
 60957 | Hell     | Killed Geryon
 61071 | Hell     | Found a gateway to the decaying netherworld of Tartarus.
 61287 | Hell     | Found a gateway to the ashen valley of Gehenna.
 61397 | Hell     | Found a gateway to the Iron City of Dis.
 61550 | Hell     | Found a gateway to the freezing wastes of Cocytus.
 61704 | Tar:1    | Entered Level 1 of Tartarus
 62021 | Tar:4    | Reached skill level 14 in Throwing
 62331 | Tar:7    | Entered Level 7 of Tartarus
 62909 | Tar:7    | Identified the +4 ice dragon scales of Quriust {rElec rF-
                  | rC++ Regen+ Int-3 Dex-2}
 63091 | Tar:7    | Reached skill level 15 in Throwing
 63550 | Tar:7    | Found the ring of the Octopus King {rC+ HP+2 AC+2 EV+2
                  | SH+2}
 63550 | Tar:7    | Found the ring of the Octopus King {rC+ HP+2 AC+2 EV+2
                  | SH+2}
 63741 | Tar:7    | Noticed Ereshkigal
 63802 | Tar:7    | Killed Ereshkigal
 63821 | Tar:7    | Identified the Papyrus of Contamination
 63822 | Tar:7    | Identified the +0 whip of Purpose {antimagic, rC+ rCorr
                  | Int+2 Dex-4}
 63825 | Tar:7    | Identified the +8 mace "Vugeim Xerph" {flame, Str+3}
 63830 | Tar:7    | Got a bone rune of Zot
 64039 | Geh:1    | Entered Level 1 of Gehenna
 64314 | Geh:7    | Entered Level 7 of Gehenna
 64327 | Geh:7    | Reached skill level 16 in Throwing
 64536 | Geh:7    | Identified the amulet "Inwein" {Faith Harm Int-4 SInv}
 64536 | Geh:7    | Identified the +5 war axe "Rosme" {freeze, rElec Int+4}
 64762 | Geh:7    | Found the +13 sceptre of Asmodeus
 64762 | Geh:7    | Noticed Asmodeus
 64762 | Geh:7    | Identified The Penultimate Guide to Witchery
 64762 | Geh:7    | Identified the +1 ring mail of Anarchy {+Inv Fly Int+2
                  | Dex+4}
 64794 | Geh:7    | Killed Asmodeus
 64801 | Geh:7    | Got an obsidian rune of Zot
 64971 | Coc:1    | Entered Level 1 of Cocytus
 65383 | Coc:5    | Paralysed by a wendigo for 1 turns
 65429 | Coc:5    | HP: 6/174 [hellion/damnation (14)]
 65441 | Coc:5    | Reached skill level 17 in Throwing
 65610 | Coc:7    | Entered Level 7 of Cocytus
 65914 | Coc:6    | Lost intelligence.
 66080 | Coc:7    | HP: 3/139 [titan simulacrum collision (12)]
 66584 | Coc:7    | Paralysed by a wendigo for 1 turns
 66600 | Coc:7    | Reached skill level 18 in Throwing
 67315 | Coc:7    | Noticed an ancient lich
 67330 | Coc:7    | Killed an ancient lich
 67360 | Coc:7    | Paralysed by a wendigo for 1 turns
 67469 | Coc:7    | Paralysed by a wendigo for 1 turns
 67503 | Coc:7    | Paralysed by a wendigo for 1 turns
 67509 | Coc:7    | Paralysed by a wendigo for 1 turns
 67515 | Coc:7    | Identified the +0 tower shield of Getairon {rElec rC- rN++
                  | Will+}
 67515 | Coc:7    | Noticed Antaeus
 67549 | Coc:7    | Killed Antaeus
 67576 | Coc:7    | Identified the +0 ring mail "Piefemeh" {rElec rPois rN++
                  | Str-4}
 67650 | Coc:7    | Identified the Folio of Volatile Oromancy
 67733 | Coc:7    | Got an icy rune of Zot
 68437 | Tomb:1   | Entered Level 1 of the Tomb of the Ancients
 68500 | Tomb:1   | Noticed Boris
 68508 | Tomb:1   | Killed Boris
 68616 | Tomb:1   | Reached skill level 19 in Throwing
 68635 | Tomb:1   | Noticed a royal mummy
 68642 | Tomb:1   | Killed a royal mummy
 68833 | Tomb:1   | Learned a level 5 spell: Silence
 68960 | Tomb:1   | Noticed a royal mummy
 68966 | Tomb:1   | Killed a royal mummy
 68967 | Tomb:1   | Reached skill level 1 in Hexes
 69423 | Tomb:2   | Noticed a royal mummy
 69423 | Tomb:2   | Noticed a royal mummy
 69423 | Tomb:2   | Noticed a royal mummy
 69423 | Tomb:2   | Noticed a royal mummy
 69463 | Tomb:2   | Killed a royal mummy
 69612 | Tomb:2   | Killed a royal mummy
 69712 | Tomb:2   | Killed a royal mummy
 69885 | Tomb:2   | Killed a royal mummy
 70203 | Tomb:1   | Noticed a royal mummy
 70211 | Tomb:1   | Killed a royal mummy
 70222 | Tomb:1   | Noticed a royal mummy
 70223 | Tomb:1   | Noticed a royal mummy
 70226 | Tomb:1   | Killed a royal mummy
 70232 | Tomb:1   | Killed a royal mummy
 70309 | Tomb:1   | Noticed a royal mummy
 70315 | Tomb:1   | Killed a royal mummy
 70316 | Tomb:1   | Reached skill level 5 in Air Magic
 70340 | Tomb:1   | Noticed a royal mummy
 70349 | Tomb:1   | Killed a royal mummy
 70354 | Tomb:1   | Noticed a royal mummy
 70360 | Tomb:1   | Noticed a royal mummy
 70363 | Tomb:1   | Killed a royal mummy
 70368 | Tomb:1   | Noticed a royal mummy
 70368 | Tomb:1   | Noticed a royal mummy
 70375 | Tomb:1   | Killed a royal mummy
 70382 | Tomb:1   | Killed a royal mummy
 70384 | Tomb:1   | Noticed a royal mummy
 70390 | Tomb:1   | Killed a royal mummy
 70395 | Tomb:1   | Killed a royal mummy
 70517 | Tomb:1   | Noticed a royal mummy
 70517 | Tomb:1   | Noticed a royal mummy
 70524 | Tomb:1   | Killed a royal mummy
 70525 | Tomb:1   | Reached skill level 5 in Hexes
 70525 | Tomb:1   | Killed a royal mummy
 70621 | Tomb:1   | Noticed a royal mummy
 70623 | Tomb:1   | Noticed a royal mummy
 70624 | Tomb:1   | Noticed a royal mummy
 70625 | Tomb:1   | Noticed a royal mummy
 70626 | Tomb:1   | Noticed a royal mummy
 70636 | Tomb:1   | Killed a royal mummy
 70640 | Tomb:1   | Killed a royal mummy
 70644 | Tomb:1   | Noticed a royal mummy
 70644 | Tomb:1   | Killed a royal mummy
 70648 | Tomb:1   | Killed a royal mummy
 70652 | Tomb:1   | Killed a royal mummy
 70656 | Tomb:1   | Killed a royal mummy
 70802 | Tomb:1   | Noticed a royal mummy
 70807 | Tomb:1   | Noticed a royal mummy
 70811 | Tomb:1   | Killed a royal mummy
 70819 | Tomb:1   | Killed a royal mummy
 71009 | Tomb:3   | Entered Level 3 of the Tomb of the Ancients
 71019 | Tomb:3   | Identified the staff "Tiazxeov" {rC+ rN+ Dex+3 Tloc Ice}
 71020 | Tomb:3   | Identified the +0 chain mail of Greed {rN+ Dex+5}
 71020 | Tomb:3   | Identified the +4 chain mail of the Lumpy Demons {Rampage}
 71022 | Tomb:3   | Identified the +0 swamp dragon scales of Macaroni {rPois
                  | rC+ Will- Str+5}
 71023 | Tomb:3   | Found the +16 obsidian axe {drain, demonic, Mesm Drain Fly
                  | SInv}
 71023 | Tomb:3   | Identified the Incunabulum of Places
 71025 | Tomb:3   | Identified the ring of Reimbursement {+Blink Fly Int+2}
 71026 | Tomb:3   | Found the -2 hat of the Alchemist {rElec rPois rF+ rC+ rN+
                  | Will+ rMut rCorr}
 71193 | Tomb:3   | Noticed a royal mummy
 71193 | Tomb:3   | Noticed a royal mummy
 71195 | Tomb:3   | Noticed a royal mummy
 71218 | Tomb:3   | Killed a royal mummy
 71220 | Tomb:3   | Noticed a royal mummy
 71222 | Tomb:3   | Killed a royal mummy
 71222 | Tomb:3   | Noticed Khufu
 71227 | Tomb:3   | Killed Khufu
 71230 | Tomb:3   | Killed a royal mummy
 71236 | Tomb:3   | Noticed a royal mummy
 71243 | Tomb:3   | Noticed a royal mummy
 71244 | Tomb:3   | Killed a royal mummy
 71244 | Tomb:3   | Noticed a royal mummy
 71245 | Tomb:3   | Killed a royal mummy
 71251 | Tomb:3   | Reached skill level 20 in Throwing
 71252 | Tomb:3   | Killed a royal mummy
 71254 | Tomb:3   | Killed a royal mummy
 71366 | Tomb:3   | Identified the +11 halberd of Earthquakes {pain, +Blink
                  | rElec Str-5 Int+5}
 71403 | Tomb:3   | Noticed Boris
 71426 | Tomb:3   | Noticed a royal mummy
 71439 | Tomb:3   | Killed a royal mummy
 71490 | Tomb:3   | Killed Boris
 71900 | Tomb:3   | Got a golden rune of Zot
 71904 | Zig:1    | Entered Level 1 of a ziggurat
 71918 | Zig:2    | Entered Level 2 of a ziggurat
 71945 | Zig:3    | Entered Level 3 of a ziggurat
 71974 | Zig:4    | Entered Level 4 of a ziggurat
 71976 | Zig:4    | Found the +2 cloak of the Thief {*Fog Slay-2 SInv Stlth+}
 72010 | Zig:5    | Entered Level 5 of a ziggurat
 72010 | Zig:5    | Identified the +1 rapier of Taheqa {flame, Fragile rPois
                  | MP+9 SInv}
 72012 | Zig:5    | Identified the ring of Jeafotz {Fire Int+6}
 72012 | Zig:5    | Identified the staff of Objectivity {rC+ Will+ Conj}
 72046 | Zig:6    | Entered Level 6 of a ziggurat
 72048 | Zig:6    | Identified the +7 whip of the Heart {venom, Will- Dex+5}
 72049 | Zig:6    | Identified the ring "Goloh" {rPois rC+ Int+3 Stlth+}
 72105 | Zig:7    | Entered Level 7 of a ziggurat
 72141 | Zig:7    | Identified the Parchment of Inhalation
 72162 | Zig:7    | Learned a level 3 spell: Ozocubu's Armour
 72163 | Zig:8    | Entered Level 8 of a ziggurat
 72170 | Zig:8    | Identified the +8 war axe of Bumure {speed, Int+4 Dex-5
                  | SInv}
 72231 | Zig:9    | Entered Level 9 of a ziggurat
 72239 | Zig:9    | Identified the +11 hand axe of Destruction {heavy, Will-
                  | Int+2 Dex+4}
 72240 | Zig:9    | Identified the +10 plate armour "Ocirghu" {Str+3}
 72240 | Zig:9    | Identified Sif Muna's Codex of Snowy Maleficent Magic
 72335 | Zig:10   | Entered Level 10 of a ziggurat
 72344 | Zig:10   | Identified the +4 morningstar "Rolibeish" {vamp, Int+2
                  | Dex+2}
 72349 | Zig:10   | Reached skill level 15 in Shapeshifting
 72370 | Zig:10   | Reached skill level 21 in Throwing
 72408 | Zig:11   | Entered Level 11 of a ziggurat
 72474 | Zig:11   | Identified the +6 hand cannon "Yplekhlost" {drain, Str+2}
 72502 | Zig:12   | Entered Level 12 of a ziggurat
 72512 | Zig:12   | Noticed Lumasi the pandemonium lord
 72512 | Zig:12   | Noticed Ucoloxi the pandemonium lord
 72512 | Zig:12   | Identified the +4 eveningstar "Toxivoeh" {venom, rC- rN+
                  | Str+2}
 72513 | Zig:12   | Noticed Fumun the pandemonium lord
 72532 | Zig:12   | Killed Ucoloxi the pandemonium lord
 72535 | Zig:12   | Killed Lumasi the pandemonium lord
 72553 | Zig:12   | Killed Fumun the pandemonium lord
 72564 | Zig:12   | Identified the +9 scimitar "Tisuih" {flame, Will- MP+9
                  | Int+5 Stlth+}
 72564 | Zig:12   | Identified the ring "Kotoargh" {rElec rCorr Dex+4 Slay-5
                  | Stlth+}
 72602 | Zig:13   | Entered Level 13 of a ziggurat
 72616 | Zig:13   | Found the amulet of Vitality {RegenMP++ Regen++}
 72635 | Zig:13   | Identified the staff "Bacoom" {+Blink rC+ Ice}
 72696 | Zig:13   | Identified the +7 whip "Worm" {heavy, Drain rPois rF+
                  | Str+3}
 72696 | Zig:13   | Identified the +1 leather armour of Sioxebofa {Int+2 Dex+4}
 72731 | Zig:14   | Entered Level 14 of a ziggurat
 72793 | Zig:14   | Reached skill level 22 in Throwing
 72853 | Zig:15   | Entered Level 15 of a ziggurat
 72868 | Zig:15   | Identified the +2 morningstar "Rataros" {protect, Str+3}
 72871 | Zig:15   | Identified the +8 great mace "Tiapha Pubu" {venom, +Blink
                  | rElec rC+ MP+9}
 72892 | Zig:15   | Paralysed by an air elemental for 1 turns
 72893 | Zig:15   | HP: 7/172 [shock serpent (6)]
 72893 | Zig:15   | HP: 2/172 [shock serpent (2)]
 73008 | Zig:15   | Reached skill level 23 in Throwing
 73637 | Dis:1    | Entered Level 1 of the Iron City of Dis
 73681 | Hell     | HP: 7/172 [iron giant/iron dragon (11)]
 74200 | Zot:5    | Got the Orb of Zot
 74420 | Depths:2 | Reached skill level 24 in Throwing
 74432 | Depths:2 | Noticed Kiph the pandemonium lord
 74440 | Depths:2 | Killed Kiph the pandemonium lord
 74599 | D:10     | Noticed Ucwulist the pandemonium lord
 74606 | D:10     | Killed Ucwulist the pandemonium lord
 74642 | D:8      | Noticed Faet the pandemonium lord
 74733 | D:4      | Noticed Meadeode the pandemonium lord
 74741 | D:4      | Killed Meadeode the pandemonium lord
 74817 | D:$      | Escaped with the Orb!

Illustrated notes **** **,,, ** #####* *##*,,,, ,###.#..###.##*,,, ,............##,** ,,........#....#.# ,,,..............#* ,****#..#.W.#....., *#** *#.......#*,,, *#P** ##..#..#.#*** ,...###.....##*# ,..........## ,..........# ** ~##........# *, ~≈#.##.....## ** ~~#,*#.###..# Turn 13834 on Lair:1: 29/4

♣~...~~♣##.........##
♣♣~~....♣##.......##♣
♣.~~~~~♣####...###♣~
♣~~§~~§.♣# ######♣~~
♣♣♣♣~~~~§♣♣# #♣.[♣
♣...~...~~.♣♣##♣~~~~
♣~..~~~<^...~♣~~~.~~
♣♣...~♣♣♣~.~~..♣♣..~
♣♣@..♣♣♣♣~.~..♣♣♣♣♣
♣♣♣.~~.♣♣♣♣♣~..♣ ♣
♣.[.~~~~...♣♣.♣♣
♣...~~..)~..~♣♣♣
♣..~~.~♣♣.~.♣..♣
♣♣♣♣♣♣♣♣♣~.~♣♣♣♣
♣♣♣♣♣


Turn 30292 on Swamp:4: 35/12/24

Levels and vault maps discovered:
D:1:      minmay_arrival_open_corners, layout_rooms
D:2:      layout_basic
D:3:      layout_basic, shapermc_ecumenical_altar_venn, portal_sewer_entry_f,
          uniq_crazy_yiuf_cottage
D:4:      layout_cave_pods
D:5:      layout_loops_ring, uniq_grinder
D:6:      layout_basic, mainiacjoe_overflow_alcove_1,
          minmay_temple_entry_junction, uniq_duvessa
D:7:      layout_basic, serial_shops, nicolae_shop_crystal
D:8:      layout_cave_pools, lair_entry_dummy, enter_ossuary_4,
          minmay_shop_chei, hangedman_decor_points, sigmund_army
D:9:      layout_roguey, enter_bailey_7, uniq_pikel
D:10:     layout_loops_ring, nicolae_overflow_hidden_temple,
          minmay_pinched_square
D:11:     layout_irregular_city, minmay_orc_entry_temple_small
D:12:     layout_loops_corners, minivault_25, uniq_maurice
D:13:     layout_rooms, hellmonk_vaults_attempted_burglary,
          gauntlet_entry_generic
D:14:     gammafunk_its_a_trap, layout_basic
D:15:     grunt_enter_depths_magical_seal, layout_irregular_city,
          serial_park_paths [serial_park_minivault_5x5_3]
Temple:   mainiacjoe_temple_cubbyholes
Lair:1:   layout_gridlike, portal_ice_cave_entry_pillars_1
Lair:2:   layout_regular_city, minmay_swamp_entry_swarm, gammafunk_ghost_split,
          evilmike_ambush [evilmike_ambush_outer_pillars,
          evilmike_ambush_inner_basic]
Lair:3:   layout_roguey, nicolae_snake_entry_squirm,
          nicolae_quartered_pool_little, serial_bayou_shore_a
Lair:4:   hellmonk_destroyed_diamonds, layout_long_grid, beast_lair_carwin_6,
          serial_bayou_shore_b, uniq_snorg, uniq_kirke
Lair:5:   cheibrodos_lair_end_hotspot, layout_hall_layers,
          minmay_slime_entry_jelly_boxes, basic_altar, serial_bayou_pond_d,
          minmay_lair_oklob_items
Swamp:1:  layout_basic_swamp, evilmike_swamp_ruin_house_1, swamp_pool4,
          uniq_josephine
Swamp:2:  layout_basic_swamp, hangedman_swamp_blocks, swamp_pool2,
          nicolae_swamp_little_tower
Swamp:3:  layout_basic_swamp, evilmike_swamp_ruin_house_5
Swamp:4:  swamp, layout_basic_swamp, uniq_mara
Snake:1:  layout_onion, serial_bayou_shore_b, uniq_agnes
Snake:2:  layout_misc_corridors, nicolae_coiled_stairwell_up, uniq_aizul
Snake:3:  layout_basic, serial_shops, nicolae_shop_trees,
          nicolae_snake_snakewalk
Snake:4:  johnstein_snake_rune_scales, layout_chambers, uniq_vashnia,
          uniq_mlioglotl
Slime:1:  layout_caves
Slime:2:  layout_caves, nicolae_slime_getting_an_eyeful
Slime:3:  layout_caves, basic_altar
Slime:4:  layout_caves, basic_altar
Slime:5:  slime_pit_nicolae_inversion
Orc:1:    layout_caves, ebering_ghost_rock_garden, serial_shops,
          nicolae_shop_behind_doors, nicolae_shop_hallway_stairs,
          minmay_orc_temple_c
Orc:2:    st_orc_open, layout_caves, serial_shops, bzr_in_the_mist,
          nicolae_shop_hallway_stairs
Elf:1:    nicolae_elf_arrival_fired_up, layout_rooms, serial_shops, shop,
          nicolae_shop_peninsula, shop, minmay_elf_demonology,
          lemuel_upstairs_altar
Elf:2:    elven_hall_of_blades_hangedman_original [nicolae_blade_little_rooms],
          layout_geoelf_diagonals, portal_desolation_entry_nicolae_nacl,
          serial_shops, nicolae_shop_real_fake_doors,
          nicolae_shop_i_like_small_books_too, uniq_nikola
Elf:3:    grunt_elf_hall_asides, layout_gridlike, special_room
          [special_room_mythical_zoo], nicolae_elf_free_trip_to_the_abyss,
          minmay_shop_star
Vaults:1: nicolae_vaults_ellipses_ellipsis, nicolae_vaults_shrinking_rooms_1,
          ontoclasm_vaults_spin, nicolae_vaults_tetromino_Z_1,
          hangedman_vaults_corner, nicolae_vaults_wine_cellar, st_cells,
          v_misc_17, vaults_standard_mumra_x, vaults_dpeg_ring,
          nicolae_vaults_diagonal_hallway_9, vaults_room_semicircle,
          layout_vaults_omnicross, serial_shops, shop
Vaults:2: nicolae_vaults_inception_statues, dpeg_vaults_monster_box, v_misc_28,
          nicolae_vaults_mitosis, grunt_vaults_twisty,
          nicolae_vaults_storage_room_doors, grunt_vaults_swirl,
          nicolae_vaults_sesquioval_fish, layout_vaults_omnigrid
Vaults:3: nicolae_vaults_network_periphery, nicolae_vaults_disjoint_gnomons,
          nicolae_vaults_shrinking_rooms_2, v_misc_22, vaults_room_octagon,
          hangedman_vaults_stretched_pinwheel, nicolae_vaults_border_crossing,
          nicolae_vaults_offset_grid_hallway_3, layout_vaults_chaotic_city
Vaults:4: nicolae_vaults_little_guard_posts, ontoclasm_vaults_bender,
          v_pattern_5, nicolae_vaults_network_quinsquares
          [nicolae_vaults_network_quincunx_subvault,
          nicolae_vaults_network_quincunx_subvault,
          nicolae_vaults_network_quincunx_subvault,
          nicolae_vaults_network_quincunx_subvault],
          ontoclasm_vaults_ring_large, nicolae_vaults_closet_pinwheel_5,
          hangedman_vaults_locks, vaults_standard_mumra_enter_the_diamond,
          vaults_room_semicircle, v_misc_22, layout_vaults_ring, serial_shops,
          shop, uniq_saint_roka, uniq_xtahua
Vaults:5
Crypt:1:  tekkud_devil_daggers, layout_regular_city
Crypt:2:  layout_misc_corridors, minivault_4
Crypt:3:  cryptofortress_bobbens, uniq_jory, uniq_boris
Tomb:1
Tomb:2
Tomb:3
Depths:1: layout_honeycomb, hell_entry, abyss_entry,
          nemelex_diamond_rough_becter, minivault_16, minmay_fountain_box,
          kennysheep_generic_room_13, uniq_enchantress
Depths:2: wad_arrow_thing, layout_cross, pan_entry, minmay_misc_feat_pillars,
          hell_entry, nicolae_keep_em_comin
Depths:3: minmay_big_diamond_grid, layout_basic, enter_ziggurat_c,
          abyss_entry_crystal, minmay_misc_feat_nine_boxes, hell_entry,
          uniq_josephina
Depths:4: grunt_zot_entry_bicorn, layout_gridville, hellmouth_3,
          grunt_decor_mini_mirrors, nicolae_vehumet_radiance, uniq_margery,
          uniq_grunn
Hell
Dis:1:    layout_gridville, evilmike_ambush [evilmike_ambush_outer_basic,
          evilmike_ambush_inner_basic]
Geh:1:    layout_gehenna_pools_triple, lemuel_hellish_altar
Geh:2:    layout_gehenna_pools_basic
Geh:3:    layout_gehenna_lava_caves, nicolae_geh_amphitheater
Geh:4:    layout_gehenna_pools_box
Geh:5:    layout_gehenna_lava_caves
Geh:6:    layout_gehenna_pools_box
Geh:7:    geh_grunt_pentagon
Coc:1:    layout_cocytus_water_paths
Coc:2:    layout_ice_bergs
Coc:3:    layout_cocytus_delve
Coc:4:    layout_ice_bergs
Coc:5:    layout_ice_bergs, nicolae_coc_icebean_singular
          [nicolae_sub_coc_subbean]
Coc:6:    layout_cocytus_water_paths, serial_ice
Coc:7:    coc_grunt_cove [coc_grunt_cove_antaeus, coc_grunt_cove_fiend,
          coc_grunt_cove_fiend, coc_grunt_cove_fiend, coc_grunt_cove_fiend]
Tar:1:    layout_grid_maze, nicolae_tar_cuneiform_heaven,
          nicolae_tar_cuneiform_oil
Tar:2:    layout_honeycomb
Tar:3:    layout_honeycomb
Tar:4:    layout_honeycomb, nicolae_tar_grid_combs
Tar:5:    layout_cathedral_of_symmetry, nicolae_tar_cuneiform_sun
Tar:6:    layout_grid_maze
Tar:7:    tar_minmay_river
Zot:1:    layout_misc_corridors, grunt_ministairs_10
Zot:2:    layout_misc_corridors
Zot:3:    hellmonk_crystal_mountain, layout_gridlike
Zot:4:    layout_misc_corridors
Zot:5:    layout_gridlike, grunt_ministairs_7

Skill      XL: |  1  2  3  4  5  6  7  8  9 10 11 12 13 14 15 16 17 18 19 20 21 22 23 24 25 26 27 |
---------------+----------------------------------------------------------------------------------+-----
Short Blades   | 2 3 4 5 6 7 9 10 11 | 11.9
Stealth        | 5 6 7 8 9 10 11 13 14 16 17 18 19 21 23 | 23.8
Fighting       | 2 3 4 5 6 7 8 9 10 11 12 13 15 16 17 18 20 21 22 | 22.6
Shapeshifting  | 1 2 3 4 5 7 8 9 11 13 14 16 | 16.0
Spellcasting   | 1 2 3 4 5 6 7 8 10 11 12 13 14 15 22 | 22.7
Evocations     | 2 3 5 6 7 8 9 10 11 12 13 23 | 23.2
Dodging        | 1 3 5 6 7 8 9 10 11 12 13 14 15 16 23 | 23.8
Armour         | 2 3 |  3.3
Shields        | 3 4 6 8 9 10 11 12 13 14 15 23 | 23.3
Throwing       | 2 3 4 5 6 24 | 24.3
Translocations | 2 5 |  5.0
Transmutations | 3 |  3.1
Air Magic      | 5 |  5.5
Hexes          | 5 |  5.0

Action                     |  1- 3 |  4- 6 |  7- 9 | 10-12 | 13-15 | 16-18 | 19-21 | 22-24 | 25-27 || total
---------------------------+-------+-------+-------+-------+-------+-------+-------+-------+-------++-------
  Melee: Dagger            |    93 |    94 |   335 |  1104 |   224 |       |       |       |       ||  1850
         Bite              |    19 |    17 |   109 |   497 |   627 |   559 |   986 |  1266 |  6070 || 10150
         Punch             |       |     1 |     6 |       |       |       |       |       |       ||     7
         Maw               |       |       |       |       |   554 |   507 |   793 |   940 |  4382 ||  7176
         Quick blade       |       |       |       |       |   965 |  1147 |  1597 |  2036 |  8837 || 14582
  Throw: Dart              |    35 |    27 |    79 |    79 |    14 |     2 |       |       |    49 ||   285
         Throwing net      |       |       |     1 |       |       |       |       |       |     2 ||     3
   Cast: Blink             |       |       |       |       |       |       |       |       |     1 ||     1
 Invoke: Curse Item        |       |       |     4 |     5 |     3 |     4 |       |     2 |     7 ||    25
         Shatter the Chain |       |       |       |     1 |     1 |     4 |       |     3 |     7 ||    16
Ability: Begin Untransform |       |       |       |     1 |       |       |     1 |       |       ||     2
         Evoke Invisibilit |       |       |       |       |       |       |       |     1 |    29 ||    30
  Evoke: Wand              |       |       |     1 |    12 |       |    12 |     1 |     1 |   124 ||   151
         Phantom mirror    |       |       |       |       |       |       |     1 |       |     3 ||     4
         Box of beasts     |       |       |       |       |       |       |     1 |       |     2 ||     3
         Figurine of a zig |       |       |       |       |       |       |       |       |     1 ||     1
    Use: Scroll            |    10 |     1 |     5 |     1 |     2 |     5 |       |    12 |    34 ||    70
         Potion            |       |       |     1 |       |     1 |     1 |       |       |    48 ||    51
   Stab: Distracted        |     1 |       |       |     1 |     4 |     6 |     1 |    13 |    60 ||    86
         Sleeping          |     5 |     6 |     9 |     2 |    53 |    38 |    76 |   103 |   148 ||   440
         Held in net/web   |       |       |     1 |       |       |       |       |       |     8 ||     9
         Paralysed         |       |       |       |       |       |     2 |       |       |       ||     2
         Confused          |       |       |       |       |       |       |     1 |       |     1 ||     2
         Invisible         |       |       |       |       |       |       |       |     8 |   277 ||   285
         Petrified         |       |       |       |       |       |       |       |     6 |       ||     6
         Petrifying        |       |       |       |       |       |       |       |     3 |     1 ||     4
 Armour: Leather armour    |    48 |    61 |   159 |       |       |       |       |       |       ||   268
         Steam dragon scal |       |       |    44 |    58 |       |       |       |       |       ||   102
         Gold dragon scale |       |       |       |   551 |    24 |       |       |       |       ||   575
         Skin              |       |       |       |       |   197 |   168 |   201 |   192 |  1081 ||  1839
  Dodge: Dodged            |    45 |    42 |   147 |    96 |   289 |   280 |   398 |   423 |  3066 ||  4786
  Block: Buckler           |       |       |       |    87 |   129 |   165 |       |       |  1486 ||  1867
         Reflection        |       |       |       |       |       |    39 |    39 |    44 |   107 ||   229
         Kite shield       |       |       |       |       |       |   120 |   728 |   853 |  1396 ||  3097
         Tower shield      |       |       |       |       |       |       |       |       |  1039 ||  1039
   Form: Maw               |       |       |       |     2 |     1 |       |     1 |       |       ||     4
                           |       |       |       |     1 |       |       |       |       |       ||     1

Table legend: (Time is in decaauts)
 A = Elapsed time spent in this place.
 B = Non-inter-level travel time spent in this place.
 C = Inter-level travel time spent in this place.
 D = Time resting spent in this place.
 E = Time spent auto-exploring this place.
 F = Levels seen in this place.
 G = Mean time per level.
                   A        B        C        D        E       F      G
               +--------+--------+--------+--------+--------+-----+--------+
         Total |  70755 |  60618 |  10137 |   2580 |  35972 | 136 |  520.3 |
       Dungeon |  15992 |  12669 |   3323 |    563 |   8984 |  15 | 1066.1 |
        Temple |     50 |     15 |     35 |      0 |      0 |   1 |   50.0 |
          Lair |   5212 |   4072 |   1140 |     16 |   2995 |   5 | 1042.4 |
         Swamp |   2219 |   2133 |     86 |     42 |   1319 |   4 |  554.8 |
     Snake Pit |   3759 |   3496 |    263 |      2 |   2602 |   4 |  939.8 |
    Slime Pits |    921 |    833 |     88 |     18 |    364 |   5 |  184.2 |
  Orcish Mines |   2123 |   1422 |    701 |     54 |    946 |   2 | 1061.5 |
   Elven Halls |   3182 |   2737 |    445 |      0 |   2032 |   3 | 1060.7 |
        Vaults |   7494 |   6434 |   1060 |      2 |   4804 |   5 | 1498.8 |
         Crypt |   2773 |   2482 |    291 |      0 |   1593 |   3 |  924.3 |
          Tomb |   3460 |   3186 |    274 |    350 |   1630 |   3 | 1153.3 |
        Depths |   4695 |   3588 |   1107 |    147 |   2306 |   4 | 1173.8 |
          Hell |   1205 |    950 |    255 |    160 |    341 |   1 | 1205.0 |
           Dis |     42 |     42 |      0 |      0 |      0 |   1 |   42.0 |
       Gehenna |    791 |    752 |     39 |    117 |     44 |   7 |  113.0 |
       Cocytus |   2816 |   2515 |    301 |    381 |    959 |   7 |  402.3 |
      Tartarus |   2205 |   2033 |    172 |    492 |    424 |   7 |  315.0 |
           Zot |   4317 |   3765 |    552 |     29 |   2622 |   5 |  863.4 |
         Abyss |    403 |    403 |      0 |      0 |     37 |   4 |  100.8 |
   Pandemonium |   2431 |   2431 |      0 |    118 |    552 |  15 |  162.1 |
      Ziggurat |   1610 |   1610 |      0 |     37 |     74 |  28 |   57.5 |
        Bazaar |    142 |    142 |      0 |      0 |     62 |   1 |  142.0 |
         Sewer |    390 |    390 |      0 |      0 |    212 |   1 |  390.0 |
       Ossuary |    199 |    199 |      0 |      0 |     83 |   1 |  199.0 |
        Bailey |    480 |    480 |      0 |     50 |    165 |   1 |  480.0 |
      Ice Cave |    870 |    870 |      0 |      0 |    456 |   1 |  870.0 |
    Desolation |    677 |    677 |      0 |      0 |    234 |   1 |  677.0 |
      Gauntlet |    284 |    284 |      0 |      0 |    126 |   1 |  284.0 |
               +--------+--------+--------+--------+--------+-----+--------+

Top non-repeatable levels by time:
Vaults:5: 2204 daAuts
     D:6: 1995 daAuts
   Coc:7: 1973 daAuts
     D:7: 1919 daAuts
  Tomb:1: 1837 daAuts
   Tar:7: 1644 daAuts
   Zot:5: 1627 daAuts
Vaults:2: 1626 daAuts
   Elf:3: 1532 daAuts
Vaults:3: 1454 daAuts
Depths:3: 1439 daAuts
 Snake:4: 1379 daAuts
Depths:1: 1345 daAuts
  Lair:1: 1265 daAuts
    Hell: 1205 daAuts
